Cogmind - Beta 16.1 @@@ ROGUE MODE // 2026.01.26 @ 06:35:14 Player: H3-MLN Result: Escaped singularity! Performance ------------- Evolutions (9) 4500 Regions Visited (29) 5800 Robots Destroyed (366) 1830 Value Destroyed (18582) 18582 Prototype IDs (390) 7800 Alien Tech Used (19) 3800 Bonus (72365) 72365 TOTAL SCORE: 114677 Bonus ------- Triggered High Security 1500 Triggered Max Security 2000 High Alert Combat Kills 5698 Follower Combat Kills 12061 Hunted by Unchained 1000 Destroyed Unchained 2000 Aligned with FarCom 300 Used Core Reset Matrix 3000 Scanned by Researcher 500 Pursued by Intercept 500 Integrated Exoskeleton 5000 Destroyed MAIN.C Guards 500 Met MAIN.C 5000 Destroyed MAIN.C Shell 5000 Destroyed MAIN.C 10000 Met Architect 300 Destroyed A8 300 Destroyed Architect 15000 Win 3000 Friendly Fire -294 Cogmind --------- Core Integrity 303/1600 Matter 295/300 Energy 336/340 System Corruption 0% +Membrane Temperature Cool (0) Movement Walking (30) +NEM 1 Location Near Former Tau Ceti IV Parts ------- > --- POWER (1) -------- Zero-point Reactor > --- PROPULSION (3) --- Sigix Exoskeleton > --- UTILITY (5) ------ Large Storage Unit Experimental Targeting Computer Experimental Core Analyzer Experimental Reaction Control System (fused) > --- WEAPON (2) ------- Core Cannon > --- INVENTORY (15) --- Zero-point Reactor Experimental Matter Compressor (500) Advanced Quantum Shading Machine Experimental Targeting Computer Experimental Core Analyzer Experimental Core Analyzer Graphene Brace Integrity Redistributor Integrity Redistributor Spacefold Activator Sigix Shearcannon Sigix Broadsword Peak State ------------ > --- POWER ------------ Zero-point Reactor > --- PROPULSION ------- Sigix Exoskeleton > --- UTILITY ---------- Large Storage Unit Experimental Targeting Computer Experimental Core Analyzer Experimental Reaction Control System Spacefold Activator > --- WEAPON ----------- Sigix Broadsword > --- INVENTORY -------- Zero-point Reactor Experimental Energy Well Experimental Matter Compressor Advanced Quantum Shading Machine Experimental Targeting Computer Experimental Core Analyzer Experimental Core Analyzer Advanced Phase Shifter Graphene Brace Integrity Redistributor Integrity Redistributor Core Cannon Sigix Shearcannon [Rating: 257] Favorites ----------- Power Micro Fission Core Engine Light Ion Engine Power Core Micro Fission Core Reactor Zero-point Reactor Propulsion Cooled VTOL Module Treads Light Treads Leg Sigix Exoskeleton Wheel Wheel Hover Unit Antigrav Array Flight Unit Cooled VTOL Module Utility Large Storage Unit Device Experimental Coolant Injector Storage Large Storage Unit Processor Tech Extrapolator Hackware Improved Hacking Suite Protection Hardened Medium Armor Plating Artifact Phase Armor Weapon Power Sword Energy Gun Field Laser Energy Cannon Sigix Shearcannon Ballistic Gun Light Assault Rifle Ballistic Cannon Light Antimatter Cannon Launcher Mini Grenade Launcher Special Weapon CPS Tube Impact Weapon Mace Slashing Weapon Power Sword Piercing Weapon Enhanced Force Lance Special Melee Weapon Datajack Build | -11 -10 -10 -10 -9 -8 -7 -7 -7 -7 -5 -5 -5 -5 -5 -5 -4 -4 -4 -4 -4 -4 -3 -3 -2 -2 -2 -1 -1 -1 ------- Run | Yrd Mat Min Exi Min Mat Fac Sto Rec Scr Fac Was Fac Upp Upp War Pro Fac Was Fac Ext Cet Res Tes Res Qua Sec Acc Com Ac0 Slots Evolved 18 | . . . . . 4 2 . . . 4 . . . . . . 2 . . . . 2 . 2 . . 2 . . Power 1 | . . . . . . . . . . 1 . . . . . . . . . . . . . . . . . . . Propulsion 5 | . . . . . 2 . . . . 1 . . . . . . 1 . . . . . . 1 . . . . . Utility 9 | . . . . . 1 2 . . . . . . . . . . 1 . . . . 2 . 1 . . 2 . . Weapon 3 | . . . . . 1 . . . . 2 . . . . . . . . . . . . . . . . . . . Parts Attached 362 | 7 4 7 . 3 32 7 8 1 3 29 4 16 1 1 . 16 42 . 5 5 . 13 38 34 37 21 4 24 . Power 48 | 1 1 1 . . 3 1 1 1 . 4 . 3 . . . 5 8 . 2 . . . 5 3 5 2 . 2 . Engine 15 | 1 1 1 . . 2 . . . . 3 . 1 . . . 2 2 . . . . . 2 . . . . . . Core 14 | . . . . . 1 1 1 1 . 1 . 1 . . . 1 4 . 2 . . . 1 . . . . . . Reactor 19 | . . . . . . . . . . . . 1 . . . 2 2 . . . . . 2 3 5 2 . 2 . Propulsion 75 | 2 . 1 . 2 14 1 2 . 1 3 . . . . . 3 10 . . 1 . 4 8 7 13 3 . . . Treads 10 | . . 1 . 2 5 . . . . . . . . . . . . . . . . . . . 1 1 . . . Leg 10 | . . . . . . . . . . . . . . . . . . . . . . . . . 8 2 . . . Wheel 11 | 2 . . . . 6 . . . . . . . . . . 2 . . . . . . 1 . . . . . . Hover 19 | . . . . . . . . . . . . . . . . 1 2 . . . . 1 4 7 4 . . . . Flight 25 | . . . . . 3 1 2 . 1 3 . . . . . . 8 . . 1 . 3 3 . . . . . . Utility 151 | 1 2 2 . . 4 4 3 . 1 12 2 12 . . . 5 19 . 2 1 . 5 15 15 10 10 4 22 . Device 64 | . 1 . . . 2 2 2 . . 2 . 5 . . . 3 4 . . . . 1 11 7 6 6 1 11 . Storage 22 | 1 1 1 . . . 1 . . . 4 1 2 . . . . 2 . 1 . . . . 3 . 1 1 3 . Processor 34 | . . . . . 2 . . . . 5 1 2 . . . . 3 . 1 . . 4 3 2 1 3 1 6 . Hackware 18 | . . . . . . 1 . . . 1 . 3 . . . . 6 . . 1 . . 1 3 1 . 1 . . Protection 11 | . . 1 . . . . 1 . 1 . . . . . . 2 4 . . . . . . . 1 . . 1 . Artifact 2 | . . . . . . . . . . . . . . . . . . . . . . . . . 1 . . 1 . Weapon 88 | 3 1 3 . 1 11 1 2 . 1 10 2 1 1 1 . 3 5 . 1 3 . 4 10 9 9 6 . . . Energy Gun 14 | 2 . . . . 2 . . . . . . . . . . . 1 . . 1 . . 4 2 . 2 . . . Energy Cannon 14 | . . . . . 2 . . . . 1 1 . . . . . 1 . . . . . 3 . 4 2 . . . Ballistic Gun 13 | 1 . 3 . . 4 . . . . . . . . . . . . . . . . . 2 2 1 . . . . Ballistic Cannon 10 | . . . . . . . 1 . . . . . . . . . 1 . . . . 1 . 4 2 1 . . . Launcher 9 | . 1 . . 1 2 . . . . 3 . . . . . . 1 . . . . . . . . 1 . . . Special Weapon 7 | . . . . . . . . . . 2 1 . 1 1 . 1 1 . . . . . . . . . . . . Impact Weapon 2 | . . . . . . . . . . . . . . . . . . . . . . 1 . . 1 . . . . Slashing Weapon 10 | . . . . . . 1 . . 1 2 . 1 . . . 1 . . 1 1 . 1 . . 1 . . . . Piercing Weapon 2 | . . . . . . . . . . . . . . . . . . . . . . 1 1 . . . . . . Special Melee Weapon 7 | . . . . . 1 . 1 . . 2 . . . . . 1 . . . 1 . . . 1 . . . . . Unidentified Prototypes 62 | . . . . . 2 . 2 . . 6 1 1 . . . . 12 . . . . . 16 1 10 9 1 1 . Parts Lost 88 | . . 4 . 1 12 . 4 . 1 2 . 3 . . . 6 5 . 2 10 . 1 6 13 9 7 . 2 . Power 16 | . . 1 . . 1 . 1 . . 2 . . . . . 1 3 . 1 2 . . . 1 2 . . 1 . Propulsion 31 | . . 1 . 1 5 . . . 1 . . . . . . 1 2 . 1 4 . 1 2 5 4 3 . . . Utility 18 | . . 1 . . 2 . 1 . . . . 1 . . . 2 . . . 3 . . 2 2 1 2 . 1 . Weapon 23 | . . 1 . . 4 . 2 . . . . 2 . . . 2 . . . 1 . . 2 5 2 2 . . . Highest Loss Streak 11 | . . 2 . 1 11 . 2 . 1 1 . 1 . . . 5 2 . 1 9 . 1 3 5 6 3 . 2 . To Critical Strikes 1 | . . . . . . . . . . . . . . . . . . . . 1 . . . . . . . . . Average Backups 11 | 2 11 12 17 16 15 8 13 15 16 3 10 9 9 9 9 8 8 9 12 13 2 3 3 11 11 10 11 11 12 Power . | . 1 . 2 3 2 . . . . . . . . . . . . . . . . . . 1 . . . . 1 Propulsion . | 1 4 4 4 1 2 . 3 4 3 . 1 . . . . . . . . . . . . . . . . . . Utility 3 | . 1 1 4 5 5 4 5 5 7 1 4 3 3 3 3 2 2 2 3 4 . . . 4 3 2 4 6 7 Weapon 3 | . 4 5 6 6 5 2 3 4 3 1 3 4 4 4 4 3 3 5 6 6 1 1 1 4 4 4 3 2 2 Tool/Special . | . . . . . . . . . . . . . . . . . . . . . . . . . . . . . . Unused Backups 56 | . 2 . 3 . 8 2 1 1 . 9 . 3 . . . . 5 . . 5 . 1 1 . 5 1 2 2 5 Power 9 | . . . . . 3 . . 1 . 1 . . . . . . . . . . . . 1 . 1 1 . 1 . Propulsion 8 | . 1 . 2 . 1 . 1 . . 1 . 1 . . . . . . . . . 1 . . . . . . . Utility 25 | . 1 . . . 4 1 . . . 7 . . . . . . 3 . . 1 . . . . 3 . 1 1 3 Weapon 10 | . . . 1 . . 1 . . . . . 2 . . . . 2 . . 3 . . . . 1 . . . . Tool/Special 4 | . . . . . . . . . . . . . . . . . . . . 1 . . . . . . 1 . 2 Average Slot Usage (%) 79 | . 98 95 100 99 90 70 76 76 76 78 96 94 92 95 100 71 73 89 81 73 10 24 79 78 78 73 66 71 72 Engine 3 | . 14 10 14 14 6 . . . . 7 5 4 5 5 5 4 2 . . . . . 2 . . . . . . Core 2 | . . . . . 2 6 4 7 7 1 5 5 5 5 5 1 5 5 7 9 . . 1 . . . . . . Reactor 2 | . . . . . . . . . . . . . . . . 1 . 5 2 . . . 2 5 6 5 9 8 9 Treads 2 | . . 12 14 16 17 1 . . . . . . . . . . . . . . . . . . . . . . . Leg 3 | . . . . . . . . . . . . . . . . . . . . . . . . . 13 19 9 9 9 Wheel 2 | . 28 15 14 11 13 1 . . . . . . . . . 2 . . . . . . . . . . . . . Hover 1 | . . . . . . . . . . . . . . . . 1 . . . . . . 7 17 5 . . . . Flight 12 | . . . . . . 20 29 30 30 28 29 29 29 29 29 23 24 21 20 16 . 4 7 . . . . . . Device 10 | . 12 2 . . 7 6 4 7 1 2 4 13 17 17 17 8 7 15 15 11 . 1 6 6 9 11 18 21 18 Storage 7 | . 14 22 14 14 8 7 7 7 7 1 5 5 5 5 5 5 4 5 5 5 . . . 3 5 6 9 9 9 Processor 9 | . . . . . 5 7 7 7 7 16 17 7 5 5 5 5 9 5 5 9 5 5 24 13 7 11 4 13 18 Hackware 2 | . . . . . . . . . . 1 . . . . . . 4 5 3 3 5 4 4 13 12 . 7 . . Protection 1 | . . 3 14 14 2 . 2 . 5 2 . . . . . . 2 . . . . . . . . 3 . . . Energy Cannon 2 | . . . . . 5 . . . . . . . . . . . . . . . . . 2 1 3 8 9 4 9 Ballistic Gun 3 | . 13 27 28 28 12 1 . . . . . . . . . . . . . . . . 3 3 1 . . . . Ballistic Cannon 1 | . . . . . . . 2 7 7 . . . . . . . 1 5 4 . . 1 . 3 4 1 . . . Launcher 1 | . . . . . . 4 4 . . 1 4 4 4 5 5 1 . 5 1 . . . . . . . . . . Slashing Weapon 3 | . . . . . . 1 7 7 7 4 4 6 10 11 11 4 3 10 7 8 . 2 . . 3 3 . 4 . Special Melee Weapon 1 | . . . . . . 7 4 . . 1 4 4 . . . . 1 5 5 4 . . . . . . . . . Peak Build Rating 257 | 6 8 14 21 23 33 67 80 80 83 117 133 137 132 92 92 132 149 137 137 157 11 92 156 176 237 237 246 257 252 Average Rating 119 | 4 7 10 17 21 28 61 76 78 80 64 82 85 88 89 92 79 94 137 128 112 11 43 116 144 189 203 241 248 251 On Entrance 91 | . 6 8 14 21 23 32 67 78 79 81 75 86 81 89 92 92 100 137 137 115 11 11 88 156 144 216 235 231 252 Avg Prop Armor Cover (%) 7 | . . 11 8 8 12 17 . . . . . . . . . 6 4 . . . . 10 4 4 4 9 . . . Naked Turns 10 | . . . . . 10 . . . . . . . . . . . . . . . . . . . . . . . . Heaviest Build 155 | 12 51 56 56 56 68 54 20 18 21 62 87 86 37 38 38 83 86 59 72 106 . 16 56 84 155 135 70 76 64 Greatest Support 203 | 20 20 20 10 40 80 22 24 20 22 35 35 46 38 38 38 42 60 60 66 64 3 23 80 96 203 203 70 95 70 Greatest Overweight (x) 5 | 1 2 5 5 5 3 2 . . 1 2 3 1 . . . 5 3 . 1 4 . . 2 1 1 1 . 1 . Average Overweight (x) . | . 1 4 5 4 1 . . . . . . . . . . 1 . . . . . . . . . . . . . Largest Inventory Capacity 40 | 8 20 20 20 20 20 40 40 40 40 40 15 15 15 15 15 15 15 15 20 20 5 5 5 15 15 15 15 15 15 Average Capacity 17 | 7 19 20 20 20 19 38 40 40 40 7 15 15 15 15 15 15 14 15 18 19 5 5 5 14 15 14 15 15 15 Most Carried 22 | 6 14 15 20 20 20 20 20 22 22 22 15 15 15 15 15 15 15 15 20 20 4 5 5 15 15 15 14 15 15 Average Carried 14 | 3 11 12 18 19 18 12 19 20 21 6 14 14 14 15 15 14 13 15 18 19 4 4 4 13 14 13 13 13 14 Final Capacity 40 | 8 20 20 20 20 20 40 40 40 40 15 15 15 15 15 15 15 15 15 20 5 5 5 5 15 15 15 15 15 15 Final Carried 22 | 6 13 15 20 19 20 14 20 21 22 15 15 15 15 15 15 15 15 15 20 4 4 5 5 15 14 13 13 15 14 Class Distribution -------------------- 20% | Scavenger-Sprinter 17% | Alien-Sigix 17% | Mutant 7% | Scavenger-Tank 5% | Sprinter 4% | Hauler-Mutant 3% | Hacker-Gunner 3% | Hacker-Sprinter 3% | Hauler-Sprinter 3% | Scavenger-Mutant Dominant Class ---------------- Mutant | -10/Materials Mutant | -10/Mines Mutant | -10/Exiles Mutant | -9/Mines Scavenger-Skirmisher | -8/Materials Hauler-Sprinter | -7/Factory Hauler-Sprinter | -7/Storage Hauler-Sprinter | -7/Recycling Hauler-Mutant | -7/Scraptown Scavenger-Sprinter | -5/Factory Scavenger-Sprinter | -5/Waste Scavenger-Sprinter | -5/Factory Scavenger-Sprinter | -5/Upper Caves Scavenger-Sprinter | -5/Upper Caves Scavenger-Sprinter | -5/Warlord Mutant | -4/Proximity Caves Scavenger-Sprinter | -4/Factory Sprinter | -4/Waste Sprinter | -4/Factory Mutant | -4/Extension Mutant | -4/Cetus Mutant | -3/Research Scout | -3/Testing Hacker-Mutant | -2/Research Hacker-Gunner | -2/Quarantine Scavenger-Tank | -2/Section 7 Alien-Sigix | -1/Access Alien-Sigix | -1/Command Alien-Sigix | -1/Access_0 Resources | -11 -10 -10 -10 -9 -8 -7 -7 -7 -7 -5 -5 -5 -5 -5 -5 -4 -4 -4 -4 -4 -4 -3 -3 -2 -2 -2 -1 -1 -1 ----------- Run | Yrd Mat Min Exi Min Mat Fac Sto Rec Scr Fac Was Fac Upp Upp War Pro Fac Was Fac Ext Cet Res Tes Res Qua Sec Acc Com Ac0 Matter Collected 21853 | 272 352 499 . 28 1128 198 106 333 30 1969 718 907 650 10 . 2017 6433 . 371 1929 . 51 638 656 1090 1208 . 220 40 Remotely . | . . . . . . . . . . . . . . . . . . . . . . . . . . . . . . Salvage Created 22905 | 115 383 110 . 112 1354 130 175 554 117 1225 916 251 . . . 254 2000 . 607 189 . 21 684 1491 2214 4507 125 4447 924 Parts 885 | 5 26 15 . 14 65 6 20 16 8 35 5 11 . . . 11 69 . 47 10 . . 39 53 86 140 5 154 45 Haulers Intercepted 21 | . 1 . . . 5 . . . . 4 . 2 . . . . 3 . . . . . . 3 . 2 1 . . Recyclers Shooed 8 | . 4 . . . 2 . . . . 2 . . . . . . . . . . . . . . . . . . . Parts Field Recycled . | . . . . . . . . . . . . . . . . . . . . . . . . . . . . . . Retrieved Matter . | . . . . . . . . . . . . . . . . . . . . . . . . . . . . . . Parts Self-Destructed 49 | . . . . . . . . . . . . . 4 . . 45 . . . . . . . . . . . . . Prevented . | . . . . . . . . . . . . . . . . . . . . . . . . . . . . . . Parts Restored . | . . . . . . . . . . . . . . . . . . . . . . . . . . . . . . Kills | -11 -10 -10 -10 -9 -8 -7 -7 -7 -7 -5 -5 -5 -5 -5 -5 -4 -4 -4 -4 -4 -4 -3 -3 -2 -2 -2 -1 -1 -1 ------- Run | Yrd Mat Min Exi Min Mat Fac Sto Rec Scr Fac Was Fac Upp Upp War Pro Fac Was Fac Ext Cet Res Tes Res Qua Sec Acc Com Ac0 Combat Hostiles Destroyed 235 | . 7 13 . 7 18 . 7 1 . . 4 1 . . . 5 4 . 15 3 . . 5 21 26 58 . 30 10 Melee 15 | . . . . . . . . 1 . . . . . . . . . . . . . . 1 3 6 4 . . . Guns 34 | . 4 9 . . 4 . . . . . . . . . . . . . . . . . 2 . 14 1 . . . Cannons 84 | . . . . . 4 . . . . . . . . . . 1 1 . 1 . . . . 4 4 29 . 30 10 AOE 73 | . 3 4 . 7 10 . 7 . . . 4 1 . . . 4 2 . 14 3 . . . 7 . 7 . . . Classes Destroyed 32 | 2 5 1 . . 4 . 1 . 2 1 1 1 . . . 1 4 . 1 . . . 1 . 1 5 . 1 . Worker 25 | . . . . . 3 . 1 . 1 1 . . . . . . 2 . 3 . . 1 2 6 2 . 1 2 . Builder 8 | . . . . . . . . . . 2 . . . . . . 2 . 1 . . . 1 . . 2 . . . Tunneler 6 | 1 . . . . . 1 . . . . . . . . . . 1 . 2 . . . . . . . 1 . . Hauler 21 | . 1 . . . 5 . . . . 4 . 2 . . . . 3 . . . . . . 3 . 2 1 . . Recycler 34 | 1 1 . . 1 3 1 . 6 . 5 . . . . . . 9 . 1 1 . . 1 . 1 . . 3 . Carrier 1 | . . . . . . . . . . . . . . . . . 1 . . . . . . . . . . . . Mechanic 5 | . . . . . 1 . . . . . . . . . . . 1 . 2 . . . 1 . . . . . . Operator 12 | . 1 . . . 2 1 1 . . 1 . . . . . . 1 . . 1 . . . 2 1 1 . . . Drone 2 | . . . . . . . 2 . . . . . . . . . . . . . . . . . . . . . . Watcher 18 | . 1 . . . 1 . . . . 2 . . . . . . 7 . 2 . . . . . 2 3 . . . Swarmer 63 | . 3 9 . 7 7 . 6 . . . . . . . . 3 . . 10 3 . . . 10 2 . . 3 . Cutter 7 | . . . . . . . . . . . . . . . . . . . . . . . . . . 3 . 4 . Saboteur 4 | . . . . . . . . . . . . . . . . 1 1 . 1 . . . . . . 1 . . . Grunt 35 | . 4 . . . 5 . 1 . . . . . . . . . . . 1 . . . . 4 1 19 . . . Brawler 1 | . . . . . . . . . . . . . . . . . . . 1 . . . . . . . . . . Duelist 1 | . . . . . . . . . . . . . . . . . . . . . . . . . . 1 . . . Protector 2 | . . . . . . . . . . . . . . . . . 1 . . . . . . . . 1 . . . Researcher 5 | . . . . . . . . . . . . . . . . . . . . . . . 1 . . 4 . . . Sentry 16 | . . . . . 4 . . 1 . . . . . . . . . . 1 . . . . 2 . 5 . 3 . Specialist 4 | . . . . . . . . . . . . 1 . . . 1 . . . . . . . . 2 . . . . Hunter 28 | . . . . . 1 . . . . . . . . . . . . . . . . . 2 2 9 9 . 5 . Programmer 30 | . . . . . . . . . . . . . . . . . 1 . 1 . . . 3 3 10 9 . 3 . Heavy 3 | . . . . . . . . . . . . . . . . . 1 . . . . . . . . . . 2 . Q-Series 1 | . . . . . . . . . . . . . . . . . . . . . . . . . . 1 . . . Behemoth 1 | . . . . . . . . . . . . . . . . . . . . . . . . . . . . 1 . Compactor 4 | . . . . . . . . . . . 4 . . . . . . . . . . . . . . . . . . S7 Guard 1 | . . . . . . . . . . . . . . . . . . . . . . . . . . 1 . . . M Guard 2 | . . . . . . . . . . . . . . . . . . . . . . . . . . . . 2 . M Shell/Atk 1 | . . . . . . . . . . . . . . . . . . . . . . . . . . . . 1 . M Shell/Def 2 | . . . . . . . . . . . . . . . . . . . . . . . . . . . . 2 . Enhanced Grunt 8 | . . . . . . . . . . . . . . . . . . . . . . . . . . . . . 8 Tracker 2 | . . . . . . . . . . . . . . . . . . . . . . . . . . 2 . . . Combat Programmer 2 | . . . . . . . . . . . . . . . . . . . . . . . . . . . . 2 . Striker 4 | . . . . . . . . . . . . . . . . . . . . . . . . . . 4 . . . Executioner 2 | . . . . . . . . . . . . . . . . . . . . . . . . . . 2 . . . Fortress 1 | . . . . . . . . . . . . . . . . . . . . . . . . . 1 . . . . Scientist 2 | . . . . . . . . . 2 . . . . . . . . . . . . . . . . . . . . Tinkerer 2 | . . . . . . . . . 2 . . . . . . . . . . . . . . . . . . . . Assembled 4 | . . 4 . . . . . . . . . . . . . . . . . . . . . . . . . . . Best Kill Streak 14 | 2 3 3 . 4 8 2 9 5 4 3 3 1 . . . 4 5 . 10 3 . 1 4 9 6 11 3 14 6 Combat Bots Only 11 | . 3 3 . 4 7 . 4 1 . . 3 1 . . . 4 1 . 9 3 . . 2 9 6 11 . 11 6 Max Kills in Single Turn 8 | 1 3 3 . 3 4 1 3 1 1 1 1 1 . . . 2 4 . 4 3 . 1 2 4 2 8 2 2 2 Gunslinging 1 | . . . . . . . . . . . . . . . . . . . . . . . 1 . . . . . . Exploded 6 | . 3 3 . 3 3 . 3 . . . 1 1 . . . 2 1 . 3 3 . . . 3 . 6 . . . Melee 1 | . . . . . . . . 1 . . . . . . . . . . . . . . 1 1 1 1 . . . Uniques/NPCs Destroyed 7 | . . . . . 1 . . . . . . . . . . . 1 . . . . . . . 1 . . 2 2 7R-MNS (-8/Materials) BL-1NK (-4/Factory) 1B-0RG (-2/Quarantine) MAIN.C Shell (-1/Command) MAIN.C (-1/Command) A8 (-1/Access_0) Architect (-1/Access_0) Combat | -11 -10 -10 -10 -9 -8 -7 -7 -7 -7 -5 -5 -5 -5 -5 -5 -4 -4 -4 -4 -4 -4 -3 -3 -2 -2 -2 -1 -1 -1 -------- Run | Yrd Mat Min Exi Min Mat Fac Sto Rec Scr Fac Was Fac Upp Upp War Pro Fac Was Fac Ext Cet Res Tes Res Qua Sec Acc Com Ac0 Hostile Shots Fired 2227 | . 13 50 . 16 127 2 232 9 64 16 . 13 3 . . 29 88 . 27 85 6 66 93 138 216 570 23 274 67 Missed 972 | . 6 11 . 3 18 1 126 6 27 8 . 9 . . . 12 55 . 9 30 4 30 34 42 72 289 14 124 42 Deflected 7 | . . . . . . . . . . . . . . . . . . . . . . . . . 1 6 . . . Hits 1255 | . 7 39 . 13 109 1 106 3 37 8 . 4 3 . . 17 33 . 18 55 2 36 59 96 144 281 9 150 25 Melee 21 | . . . . . . . . . . . . 1 3 . . 1 . . . 1 . . 1 . . 13 . 1 . Projectile 1234 | . 7 39 . 13 109 1 106 3 37 8 . 3 . . . 16 33 . 18 54 2 36 58 96 144 268 9 149 25 AOE 18 | . . . . . . . . . 1 . . . . . . . . . 1 . . . . . . 3 . 13 . Critical Strikes 50 | . . 1 . . 1 . . . . . . . . . . 2 2 . 1 6 . . 2 5 6 15 1 8 . Part Disruptions 3 | . . . . . . . . . . . . . . . . 1 . . . . . . . . . 2 . . . Damage Taken 24893 | . 88 489 . 238 2211 13 906 23 564 246 24 141 3 . . 531 821 . 558 1210 53 698 1091 2389 3095 6222 102 2870 307 Core 4814 | . 45 101 . 77 299 . 158 6 229 33 8 58 . . . 205 265 . 130 584 53 233 226 307 240 445 31 973 108 Absorbed by Shields 270 | . . . . . 176 . 12 . . . . . 2 . . 13 . . . 67 . . . . . . . . . Ignored by Resistances 4908 | . . . . . . . . . . . . . . . . . . . . . . . . . . 859 109 3544 396 Regen/Repaired (Parts) 2666 | . . . . . . . . . . 20 85 19 . . . 24 158 . . 4 . . . . 1102 1119 . 135 . Core Remaining (%) 43 | 100 . . . 10 45 . . . 43 . . . . . . 69 . . . . 10 . 64 . . 29 . . 18 Volleys Fired 791 | 4 34 34 4 8 101 5 18 2 . 11 23 3 1 . . 8 72 . 20 2 . 2 24 42 82 130 9 133 19 Largest 4 | 2 2 2 1 2 3 1 1 1 . 1 1 1 1 . . 1 1 . 1 1 . 1 2 4 3 3 1 1 1 Hottest 350 | 90 70 53 33 53 201 30 40 40 . 81 30 30 120 . . 120 250 . 80 80 . 250 113 250 346 350 180 300 300 Shots Fired 1096 | 8 67 64 4 12 217 5 18 2 . 11 23 3 1 . . 8 72 . 23 2 . 2 29 72 103 189 9 133 19 Gun 432 | 8 66 61 4 8 165 4 . . . . . . . . . . . . . . . . 21 27 53 15 . . . Cannon 588 | . . . . . 43 . 13 2 . 9 . . 1 . . 2 69 . 10 . . 2 8 45 50 173 9 133 19 Launcher 71 | . 1 3 . 4 9 1 5 . . . 23 3 . . . 3 3 . 13 2 . . . . . 1 . . . Special 5 | . . . . . . . . . . 2 . . . . . 3 . . . . . . . . . . . . . Kinetic 474 | 3 33 61 4 8 137 4 13 2 . . . . . . . . 67 . 10 . . . 9 40 65 18 . . . Thermal 283 | 4 33 . . . 66 . . . . . . . 1 . . 2 2 . . . . 2 8 16 38 102 2 4 3 Explosive 70 | . 1 3 . 4 9 1 5 . . . 23 3 . . . 3 3 . 13 2 . . . . . . . . . Electromagnetic 69 | 1 . . . . 5 . . . . 9 . . . . . . . . . . . . 12 16 . 26 . . . Slashing 195 | . . . . . . . . . . . . . . . . . . . . . . . . . . 43 7 129 16 Robot Hit Streak 38 | 3 6 6 . 5 17 5 7 . . 4 12 . . . . 3 6 . 6 . . 6 6 12 13 19 3 38 34 Robot Miss Streak 7 | 1 5 6 . 4 7 1 1 . . 1 1 . . . . 1 3 . 1 . . . 4 4 6 6 3 4 4 Penetration Max 2 | . . . . . . . . . . . . . . . . . . . . . . . 1 . 2 1 . 1 1 Secondary Targets 2 | . 1 . . . . . . . . . . . . . . . . . . . . . 1 . . . . . . Max Gunslinging Chain 1 | . 1 . . . . . . . . . . . . . . . . . . . . . 1 . . . . . . Shots Hit Robots 855 | 6 32 29 . 4 131 6 16 10 5 33 16 10 . . . 17 69 . 16 19 . 5 26 64 95 133 2 94 17 Core Hits 718 | 5 20 15 . 7 52 3 16 6 4 16 17 5 . . . 15 46 . 51 5 . 2 13 42 56 122 3 157 40 Critical Kills 24 | . . . . . . . . . . . . . . . . . . . . . . . 4 2 17 1 . . . Critical Parts Destroyed 43 | . . . . . 1 . . . . . . . . . . . . . . . . . 6 1 34 . . 1 . Critical Strikes 93 | . . . . . 1 . . . . . . 1 . . . . 7 . 1 . . . 12 4 53 7 . 5 2 Meltdown 4 | . . . . . . . . . . . . . . . . . . . . . . . . 1 2 1 . . . Destroy 63 | . . . . . 1 . . . . . . . . . . . . . . . . . 9 2 49 . . 1 1 Blast 6 | . . . . . . . . . . . . . . . . . 3 . 1 . . . . . 1 1 . . . Smash 1 | . . . . . . . . . . . . . . . . . . . . . . . 1 . . . . . . Sever 16 | . . . . . . . . . . . . 1 . . . . 4 . . . . . . . 1 5 . 4 1 Impale 3 | . . . . . . . . . . . . . . . . . . . . . . . 2 1 . . . . . Melee Attacks 382 | . . . . . . 4 7 17 9 45 . 16 1 . . 18 77 . 14 25 . 5 27 35 44 31 . 7 . Thermal 2 | . . . . . . . . . . . . . . . . . 2 . . . . . . . . . . . . Impact 4 | . . . . . . . . . . . . . . . . . . . . . . 3 1 . . . . . . Slashing 280 | . . . . . . 3 7 17 9 43 . 14 1 . . 17 67 . 11 11 . 2 . . 40 31 . 7 . Piercing 65 | . . . . . . . . . . . . . . . . . . . . . . . 26 35 4 . . . . Sneak Attacks 95 | . . . . . . 2 2 7 3 15 . 3 . . . 2 22 . 5 16 . 3 4 8 1 2 . . . Combat Hostiles 1 | . . . . . . . 1 . . . . . . . . . . . . . . . . . . . . . . Follow-up Attacks 7 | . . . . . . . . . . 3 . . . . . . 3 . . 1 . . . . . . . . . Damage Inflicted 71841 | 65 465 644 . 502 2429 164 1190 595 267 1873 2276 801 . . . 592 4789 . 2964 543 . 204 1189 4063 3457 18071 536 19939 4223 Guns 3613 | 65 347 327 . 53 1160 46 . . . . . . . . . . . . . . . . 381 354 601 279 . . . Cannons 37080 | . . . . . 634 . 297 . . 303 . . . . . 87 872 . 350 . . . . 1158 1484 7197 536 19939 4223 Explosions 19347 | . 118 317 . 449 635 . 633 . . 54 2276 358 . . . 425 1735 . 2339 223 . 64 . 885 . 8836 . . . Melee 11796 | . . . . . . 118 260 595 267 1516 . 443 . . . 80 2182 . 275 315 . 140 808 1666 1372 1759 . . . Ramming 5 | . . . . . . . . . . . . . . . . . . . . 5 . . . . . . . . . Kinetic 5480 | 13 137 327 . 53 900 46 297 . . . . . . . . . 857 . 350 . . . 148 942 1077 333 . . . Thermal 17956 | 39 210 55 . . 928 . . . . 54 . 282 . . . 87 1363 . 109 . . 64 . 1271 1008 11286 . 400 800 Explosive 7622 | . 118 262 . 449 543 . 633 . . . 2276 76 . . . 425 387 . 2230 223 . . . . . . . . . Electromagnetic 1446 | 13 . . . . 58 . . . . 303 . . . . . . . . . . . . 233 184 . 655 . . . Impact 168 | . . . . . . . . . . . . . . . . . . . . . . 122 46 . . . . . . Slashing 36736 | . . . . . . 118 260 595 267 1516 . 443 . . . 80 2182 . 275 315 . 18 . . 1372 5797 536 19539 3423 Piercing 2428 | . . . . . . . . . . . . . . . . . . . . . . . 762 1666 . . . . . Highest Corruption 24 | . . . . . . . . . 1 . . 1 1 1 1 6 1 6 6 7 7 . 3 6 5 24 . . . Average Corruption 4 | . . . . . . . . . 1 . . 1 1 1 1 5 1 6 6 7 7 . 2 3 4 15 . . . Corruption Purged 14 | . . . . . . . . . . . . . . . . . 1 . . . . . 2 6 5 . . . . Corruption Blocked . | . . . . . . . . . . . . . . . . . . . . . . . . . . . . . . Effects 143 | . . . . . . . . . . . . 13 5 1 . 31 1 . 17 1 1 . 5 6 35 27 . . . Message Errors 32 | . . . . . . . . . . . . 6 1 . . 6 . . 3 . . . 2 4 6 4 . . . Matter Fused 41 | . . . . . . . . . . . . 2 2 . . 9 . . 3 1 . . . 1 14 9 . . . Heat Flow Errors 11 | . . . . . . . . . . . . 1 . . . 1 . . 1 . 1 . 1 . 5 1 . . . Energy Discharges 13 | . . . . . . . . . . . . 1 1 . . 4 1 . 1 . . . 1 . 4 . . . . Parts Rejected 2 | . . . . . . . . . . . . . . . . . . . 1 . . . . . 1 . . . . Parts Fused 2 | . . . . . . . . . . . . . . . . 1 . . . . . . . . . 1 . . . Data Loss (minor) 23 | . . . . . . . . . . . . 3 . . . 8 . . 3 . . . . . 4 5 . . . Data Loss (major) 7 | . . . . . . . . . . . . . 1 1 . 2 . . 2 . . . . . 1 . . . . Misfires 4 | . . . . . . . . . . . . . . . . . . . 3 . . . 1 . . . . . . Alerts 1 | . . . . . . . . . . . . . . . . . . . . . . . . . . 1 . . . Misdirections 4 | . . . . . . . . . . . . . . . . . . . . . . . . . . 4 . . . Weapon Failures 3 | . . . . . . . . . . . . . . . . . . . . . . . . 1 . 2 . . . Overload Shots . | . . . . . . . . . . . . . . . . . . . . . . . . . . . . . . Overflow Damage 4099 | . . 66 . 84 69 49 48 135 26 209 . 9 . . . 8 446 . 114 16 . 51 453 368 521 1102 10 259 56 Projectiles 668 | . . . . . 10 . . . . . . . . . . . . . 14 . . . . 27 245 47 10 259 56 Explosions 1212 | . . 66 . 84 59 . 48 . . 13 . . . . . 8 1 . 68 . . . . 4 . 861 . . . Melee 2219 | . . . . . . 49 . 135 26 196 . 9 . . . . 445 . 32 16 . 51 453 337 276 194 . . . Knockbacks 14 | . . . . . . . . . . . . . . . . . 4 . 2 . . . . 6 2 . . . . Impact . | . . . . . . . . . . . . . . . . . . . . . . . . . . . . . . Kinetic 12 | . . . . . . . . . . . . . . . . . 4 . 2 . . . . 4 2 . . . . Secondary 2 | . . . . . . . . . . . . . . . . . . . . . . . . 2 . . . . . Self-Inflicted Damage 954 | . 19 132 . 134 132 . 76 . . 46 25 . . . . 45 19 . . 2 . 20 . 160 . 144 . . . Shots 37 | . 1 4 . 3 4 . 2 . . 1 1 . . . . 1 1 . . . . 1 . 11 . 7 . . . Rammed 2 | . . . . . . . . . . . . . . . . . . . . 2 . . . . . . . . . Targets Rammed 2 | . . . . . . . . . . . . . . . . . . . . 2 . . . . . . . . . Kicked . | . . . . . . . . . . . . . . . . . . . . . . . . . . . . . . Crushed . | . . . . . . . . . . . . . . . . . . . . . . . . . . . . . . Highest Temperature 426 | 40 142 65 6 29 197 . 6 . 142 58 . 88 66 . . 141 194 . 152 46 242 184 196 412 405 426 120 189 25 Average Temperature 68 | 20 40 19 3 10 45 . 4 . 86 14 . 41 33 . . 58 17 . 43 16 134 93 41 96 113 128 55 73 25 Received Heat Transfer 2288 | . 24 . . . 731 9 226 . 96 45 . 9 . . . 33 53 . 72 219 . 33 9 117 72 351 9 180 . Effects 4 | . . . . . . . . . . . . . . . . . . . . . . . . 1 2 1 . . . Energy Bleed 3 | . . . . . . . . . . . . . . . . . . . . . . . . 1 1 1 . . . Interference 1 | . . . . . . . . . . . . . . . . . . . . . . . . . 1 . . . . Siege Activations . | . . . . . . . . . . . . . . . . . . . . . . . . . . . . . . Martial Activations . | . . . . . . . . . . . . . . . . . . . . . . . . . . . . . . Shielding Activations 3 | . . . . . . . . . . . . . . . . . . . . . . . . . 1 2 . . . Total Turns 61 | . . . . . . . . . . . . . . . . . . . . . . . . . 13 48 . . . Longest Duration 42 | . . . . . . . . . . . . . . . . . . . . . . . . . 13 42 . . . Robots Disrupted . | . . . . . . . . . . . . . . . . . . . . . . . . . . . . . . Combat Hostiles . | . . . . . . . . . . . . . . . . . . . . . . . . . . . . . . Robots Corrupted 6 | . . . . . . . . . . 1 . . . . . . . . . . . . 2 . . 3 . . . Combat Hostiles 5 | . . . . . . . . . . . . . . . . . . . . . . . 2 . . 3 . . . Parts Fried 17 | . . . . . . . . . . 8 . . . . . . . . . . . 2 5 1 . 1 . . . Impact Corruptions 3 | . . . . . . . . . . . . . . . . . . . . . . 1 1 1 . . . . . Robots Melted 27 | . . . . . . . . . . . . . . . . . 3 . . . . . . 7 2 15 . . . Combat Hostiles 24 | . . . . . . . . . . . . . . . . . 1 . . . . . . 7 2 14 . . . Parts Melted 98 | . . . . . 1 . . . . . . . . . . . 9 . 2 . . . . 24 3 59 . . . Heat Transferred 21836 | 111 629 50 . . 1471 . . . . . . 200 . . . 74 1830 . 100 . . 320 . 5687 571 10793 . . . Parts Sabotaged 4 | . . . . . . . . . . . . 2 . . . . . . . . . . 2 . . . . . . Parts Stolen 2 | . . . . . . . . . . . . . 2 . . . . . . . . . . . . . . . . Parts Stripped . | . . . . . . . . . . . . . . . . . . . . . . . . . . . . . . Power Chain Reactions 3 | . . . . . 2 . . . . 1 . . . . . . . . . . . . . . . . . . . Alert | -11 -10 -10 -10 -9 -8 -7 -7 -7 -7 -5 -5 -5 -5 -5 -5 -4 -4 -4 -4 -4 -4 -3 -3 -2 -2 -2 -1 -1 -1 ------- Run | Yrd Mat Min Exi Min Mat Fac Sto Rec Scr Fac Was Fac Upp Upp War Pro Fac Was Fac Ext Cet Res Tes Res Qua Sec Acc Com Ac0 Maximum Alert Level 5 | . . . . . 1 . 1 1 . 3 1 5 . . . . 4 2 5 5 4 3 2 2 2 5 5 5 . Low Security (%) 28 | 100 100 100 . 100 64 100 50 48 . 10 51 7 . . . . 57 . . . . . 26 12 2 2 . . . Level 1 19 | . . . . . 35 . 49 51 . 53 48 3 . . . . 10 . 2 . . . 42 42 78 33 . . . Level 2 12 | . . . . . . . . . . 34 . 1 . . . . 12 100 39 . . . 31 45 19 44 . . . Level 3 5 | . . . . . . . . . . 1 . 28 . . . . 9 . 8 . . 100 . . . 2 . . . Level 4 7 | . . . . . . . . . . . . 21 . . . . 9 . 8 54 100 . . . . 4 41 6 . Level 5 20 | . . . . . . . . . . . . 5 . . . . . . 27 34 . . . . . . . 92 . High Security 3 | . . . . . . . . . . . . 31 . . . . . . 14 10 . . . . . . . . . Max Security 1 | . . . . . . . . . . . . . . . . . . . . . . . . . . 13 58 . . Sterilizations 1 | . . . . . . . . . . . . 1 . . . . . . . . . . . . . . . . . Peak Influence 5298 | 5 73 119 . 122 339 133 348 271 . 832 339 5298 . . . . 1275 445 3435 2347 1272 801 461 438 515 2494 1974 1605 . Initial 1578 | . . 22 . . 12 133 25 135 . . 289 35 . . . . 201 445 311 1578 1272 756 444 183 222 220 1496 1237 . Average 610 | . 26 21 . 35 114 81 170 201 . 328 198 1823 . . . . 358 445 1397 1737 1269 748 279 342 334 659 1648 1421 . Influence Increases 27694 | 10 189 271 . 218 601 103 507 224 . 1331 100 6981 . . . 944 2641 . 3597 1768 . 155 474 704 1135 2711 549 1840 641 Destroy 0b10 Robot/C 10700 | . 140 180 . 140 340 . 140 20 . 440 . 2740 . . . 560 860 . 1380 880 . . 140 420 460 1220 120 520 . Destroy 0b10 Robot/NC 880 | 10 20 . . 5 75 15 10 30 . 110 . 60 . . . 10 145 . 120 35 . 5 25 55 30 45 25 50 . Destroy Leader 1732 | . 24 30 . 20 102 . 30 . . 96 . 396 . . . 40 232 . 206 104 . . 30 76 64 208 4 70 . Allied During Kill 5119 | . . . . . . . . . . 116 . 2714 . . . 304 294 . 1104 470 . . 12 . . . 65 40 . Trap Triggered on 0b10 10 | . . . . . . . . . . . . 10 . . . . . . . . . . . . . . . . . Successful Hack 431 | . . 7 . . 4 35 32 21 . 35 . 13 . . . . 73 . 20 46 . 28 17 . 53 . . 47 . Select Force Hacks 150 | . . . . . . . . 150 . . . . . . . . . . . . . . . . . . . . . Disable Machine 1755 | . . 15 . 15 15 . 30 . . 60 . 375 . . . . 225 . 240 15 . 15 90 15 180 285 30 135 15 Anti-Garrison Action 550 | . . . . . . . . . . 350 . . . . . . . . 200 . . . . . . . . . . Destroy Structure 4522 | . 5 24 . 38 65 8 40 3 . 34 100 508 . . . . 302 . 312 98 . 2 40 78 78 908 290 978 611 Partial Spotted 450 | . . . . . . 30 60 . . 30 . 75 . . . . 120 . 15 30 . 15 . 45 . . 15 . 15 Lose Combat Pursuer 1395 | . . 15 . . . 15 165 . . 60 . 90 . . . 30 390 . . 90 . 90 120 15 270 45 . . . Influence Decreases 27333 | 10 132 294 34 185 341 340 215 333 239 505 875 1734 2151 669 2478 624 1688 828 820 2718 1010 626 939 635 1137 781 1218 1517 2257 Entered New Map 15343 | . . 35 34 . 21 160 31 213 239 . 537 16 1961 599 2478 . 119 828 134 1644 1000 506 347 143 173 173 998 697 2257 Time Decay 6777 | 10 132 219 . 175 310 180 100 120 . 425 318 538 190 70 . 504 670 . 326 374 10 110 362 362 574 538 20 140 . Lost Part 760 | . . 40 . 10 10 . 40 . . 20 . 30 . . . 60 50 . 20 100 . 10 60 130 90 70 . 20 . Lost Ally 3146 | . . . . . . . 44 . . 60 20 850 . . . 60 592 . 340 300 . . 20 . . . 200 660 . Purge Threat 1307 | . . . . . . . . . . . . 300 . . . . 257 . . 300 . . 150 . 300 . . . . Squads Dispatched 163 | . 1 . . . 7 2 2 . . 11 . 34 . . . 1 22 . 14 12 . 2 4 3 7 26 10 5 . Investigation 25 | . . . . . 2 1 1 . . 3 . 4 . . . . 5 . 4 2 . . 1 . . 1 1 . . Extermination 32 | . . . . . . 1 . . . 1 . 3 . . . . 11 . 1 . . . 2 2 5 5 . 1 . Reinforcement 30 | . 1 . . . 2 . 1 . . 4 . 1 . . . . 4 . 1 . . 2 . 1 2 6 2 3 . Assault 73 | . . . . . 2 . . . . 3 . 26 . . . 1 2 . 7 10 . . 1 . . 13 7 1 . Garrison 2 | . . . . . 1 . . . . . . . . . . . . . 1 . . . . . . . . . . Intercept 1 | . . . . . . . . . . . . . . . . . . . . . . . . . . 1 . . . Searches Triggered . | . . . . . . . . . . . . . . . . . . . . . . . . . . . . . . Unchained Authorized 2 | . . . . . . . . . . . . . . . . . 1 . . . . . . . 1 . . . . Construction Impeded 4 | . . . . . . . . . . 1 . . . . . . . . . . . . . . 1 2 . . . Haulers Reinforced 4 | . . . . . . . . . . 2 . 1 . . . . . . . . . . . . . . 1 . . Active Scanning Responses . | . . . . . . . . . . . . . . . . . . . . . . . . . . . . . . Cargo Convoy Interrupts 1 | . . . . . . . . . . . . . . . . . 1 . . . . . . . . . . . . Stealth | -11 -10 -10 -10 -9 -8 -7 -7 -7 -7 -5 -5 -5 -5 -5 -5 -4 -4 -4 -4 -4 -4 -3 -3 -2 -2 -2 -1 -1 -1 --------- Run | Yrd Mat Min Exi Min Mat Fac Sto Rec Scr Fac Was Fac Upp Upp War Pro Fac Was Fac Ext Cet Res Tes Res Qua Sec Acc Com Ac0 Distress Signals 62 | . . 1 . 1 . . 1 . . 2 . 2 . . . 1 4 . 4 3 1 3 . 1 3 6 3 26 . Communications Jammed . | . . . . . . . . . . . . . . . . . . . . . . . . . . . . . . Distress Signals . | . . . . . . . . . . . . . . . . . . . . . . . . . . . . . . Times Spotted 893 | . 13 13 . 7 29 2 24 1 17 26 6 89 4 3 . 33 76 4 55 79 4 14 27 29 50 164 16 94 14 Peak Tracking Total 28 | . 3 3 9 4 4 1 15 1 28 4 3 12 2 3 . 13 11 4 11 25 5 7 8 9 6 15 10 10 4 Tactical Retreats 51 | . . 1 . . . 1 4 . 1 4 . 2 . . . 2 13 . . 2 . 3 4 1 11 2 . . . ID Masks Used 1 | . . . . . . . . . . . . . . . . . . . . . . . . . . 1 . . . IFF Responses 316 | . . . . . . . . . . . . . . . . . . . . . . . . . . 316 . . . Traps | -11 -10 -10 -10 -9 -8 -7 -7 -7 -7 -5 -5 -5 -5 -5 -5 -4 -4 -4 -4 -4 -4 -3 -3 -2 -2 -2 -1 -1 -1 ------- Run | Yrd Mat Min Exi Min Mat Fac Sto Rec Scr Fac Was Fac Upp Upp War Pro Fac Was Fac Ext Cet Res Tes Res Qua Sec Acc Com Ac0 Traps Triggered 18 | . . . . . 1 2 1 . . 1 . 2 . . . . 5 . 1 1 . 1 1 . . . 1 1 . Indirectly . | . . . . . . . . . . . . . . . . . . . . . . . . . . . . . . Trap Hack Attempts 46 | . . . . . . 7 . . . . . 35 . . . . . . 4 . . . . . . . . . . Triggered . | . . . . . . . . . . . . . . . . . . . . . . . . . . . . . . Disarmed 1 | . . . . . . . . . . . . 1 . . . . . . . . . . . . . . . . . Reprogrammed 7 | . . . . . . 1 . . . . . 6 . . . . . . . . . . . . . . . . . Reused 1 | . . . . . . . . . . . . 1 . . . . . . . . . . . . . . . . . Traps Extracted 6 | . . . . . . 1 . . . . . 5 . . . . . . . . . . . . . . . . . Installed . | . . . . . . . . . . . . . . . . . . . . . . . . . . . . . . Triggered 1 | . . . . . . . . . . . . 1 . . . . . . . . . . . . . . . . . Most Traps Carried 6 | . . . . . . 1 1 1 1 1 1 6 6 6 6 6 6 . . . . . . . . . . . . Objects Rigged 2 | . . . . . . . 2 . . . . . . . . . . . . . . . . . . . . . . Exploded 1 | . . . . . . . 1 . . . . . . . . . . . . . . . . . . . . . . Machines | -11 -10 -10 -10 -9 -8 -7 -7 -7 -7 -5 -5 -5 -5 -5 -5 -4 -4 -4 -4 -4 -4 -3 -3 -2 -2 -2 -1 -1 -1 ---------- Run | Yrd Mat Min Exi Min Mat Fac Sto Rec Scr Fac Was Fac Upp Upp War Pro Fac Was Fac Ext Cet Res Tes Res Qua Sec Acc Com Ac0 Machines Disabled 128 | . . 1 2 1 1 . 2 . 1 5 . 26 . . . . 15 . 16 3 . 1 6 1 12 23 2 9 1 Max in Single Turn 8 | . . 1 1 1 1 . 1 . 1 1 . 8 . . . . 3 . 4 . . 1 1 1 1 6 1 1 1 Garrison Access 7 | . . . . . 1 . . . . 2 . 1 . . . . 1 . 1 . . . . 1 . . . . . Machines Repaired . | . . . . . . . . . . . . . . . . . . . . . . . . . . . . . . Machines Dismantled . | . . . . . . . . . . . . . . . . . . . . . . . . . . . . . . Machines Sabotaged . | . . . . . . . . . . . . . . . . . . . . . . . . . . . . . . Overloaded Fab Kills . | . . . . . . . . . . . . . . . . . . . . . . . . . . . . . . Hacking | -11 -10 -10 -10 -9 -8 -7 -7 -7 -7 -5 -5 -5 -5 -5 -5 -4 -4 -4 -4 -4 -4 -3 -3 -2 -2 -2 -1 -1 -1 --------- Run | Yrd Mat Min Exi Min Mat Fac Sto Rec Scr Fac Was Fac Upp Upp War Pro Fac Was Fac Ext Cet Res Tes Res Qua Sec Acc Com Ac0 Machines Accessed 152 | . 2 2 2 . 7 6 8 10 . 14 . 13 1 . . . 24 . 10 13 . 3 11 6 11 3 1 5 . Terminals 95 | . 1 1 . . 5 5 8 5 . 5 . 5 . . . . 12 . 5 13 . 3 7 4 8 2 1 5 . Fabricators 16 | . . . . . . . . . . 3 . 5 . . . . 6 . 1 . . . 1 . . . . . . Repair Stations 3 | . . . . . . . . . . . . . . . . . 1 . . . . . 1 . 1 . . . . Recycling Units 16 | . 1 . . . . 1 . 5 . 3 . 1 . . . . 4 . 1 . . . . . . . . . . Scanalyzers 10 | . . . . . 2 . . . . 1 . 1 . . . . . . 1 . . . 1 1 2 1 . . . Garrison Access 8 | . . . . . . . . . . 2 . 1 . . . . 1 . 2 . . . 1 1 . . . . . Total Hacks 382 | . 3 5 5 . 17 18 15 26 . 31 . 46 1 . . . 64 . 33 28 . 9 20 22 27 4 2 6 . Successful 177 | . 1 2 5 . 6 8 7 16 . 13 . 26 1 . . . 30 . 12 13 . 4 5 10 14 . . 4 . Failed 203 | . 2 3 . . 11 10 8 10 . 18 . 20 . . . . 34 . 21 15 . 5 14 12 12 4 2 2 . Catastrophic 46 | . 1 . . . 3 1 1 . . 6 . 1 . . . . 7 . 8 5 . 1 1 2 4 3 1 1 . Database Lockouts 2 | . . . . . . . . . . . . . . . . . . . . . . . 1 . 1 . . . . Manual 153 | . 2 4 1 . 5 8 5 20 . 17 . 22 . . . . 26 . 12 11 . 2 6 2 4 1 . 5 . Terminals 215 | . 2 4 . . 12 15 15 15 . 6 . 12 . . . . 28 . 12 28 . 9 14 15 17 3 2 6 . Fabricators 64 | . . . . . . . . . . 11 . 23 . . . . 24 . 5 . . . 1 . . . . . . Repair Stations 6 | . . . . . . . . . . . . . . . . . 2 . . . . . 1 . 3 . . . . Recycling Units 37 | . 1 . . . . 3 . 11 . 8 . 3 . . . . 7 . 4 . . . . . . . . . . Scanalyzers 38 | . . . . . 5 . . . . 4 . 7 . . . . . . 6 . . . 2 6 7 1 . . . Garrison Access 15 | . . . . . . . . . . 2 . 1 . . . . 3 . 6 . . . 2 1 . . . . . Terminal Hacks 58 | . . 2 5 . 2 5 6 . . . . 3 1 . . . 6 . 1 11 . 3 2 3 7 . . 1 . Record 4 | . . . 4 . . . . . . . . . . . . . . . . . . . . . . . . . . Part Schematic 2 | . . 1 . . . 1 . . . . . . . . . . . . . . . . . . . . . . . Open Door 14 | . . 1 . . . . 5 . . . . . 1 . . . . . . 6 . . . . 1 . . . . Branch Access Points 3 | . . . . . . 1 . . . . . . . . . . . . . . . 1 . 1 . . . . . Terminal Index 1 | . . . . . . . . . . . . . . . . . 1 . . . . . . . . . . . . Unreport Threat 10 | . . . . . . . . . . . . 2 . . . . 3 . . 2 . . 1 . 2 . . . . Locate Traps 15 | . . . . . 2 2 . . . . . 1 . . . . 2 . 1 3 . 1 1 1 1 . . . . Recall Extermination 1 | . . . . . . . . . . . . . . . . . . . . . . . . . 1 . . . . Recall Reinforcements 1 | . . . . . . . . . . . . . . . . . . . . . . . . . 1 . . . . Registered Components 1 | . . . . . . 1 . . . . . . . . . . . . . . . . . . . . . . . Registered Prototypes 1 | . . . . . . . . . . . . . . . . . . . . . . . . . 1 . . . . Zone Layout 3 | . . . . . . . 1 . . . . . . . . . . . . . . 1 . 1 . . . . . Proto ID Catalog 1 | . . . 1 . . . . . . . . . . . . . . . . . . . . . . . . . . Disengage Seal 1 | . . . . . . . . . . . . . . . . . . . . . . . . . . . . 1 . Fabricator Hacks 27 | . . . . . . . . . . 3 . 9 . . . . 12 . 3 . . . . . . . . . . Network Status 2 | . . . . . . . . . . . . 1 . . . . 1 . . . . . . . . . . . . Load Schematic 18 | . . . . . . . . . . 2 . 6 . . . . 8 . 2 . . . . . . . . . . Build 7 | . . . . . . . . . . 1 . 2 . . . . 3 . 1 . . . . . . . . . . Repair Station Hacks 2 | . . . . . . . . . . . . . . . . . . . . . . . . . 2 . . . . Scan Component 1 | . . . . . . . . . . . . . . . . . . . . . . . . . 1 . . . . Repair 1 | . . . . . . . . . . . . . . . . . . . . . . . . . 1 . . . . Recycling Unit Hacks 10 | . 1 . . . . 1 . 5 . 2 . . . . . . 1 . . . . . . . . . . . . Report Inventory 7 | . . . . . . 1 . 4 . 1 . . . . . . 1 . . . . . . . . . . . . Retrieve Components 3 | . 1 . . . . . . 1 . 1 . . . . . . . . . . . . . . . . . . . Scanalyzer 25 | . . . . . 4 . . . . 3 . 5 . . . . . . 4 . . . 1 6 2 . . . . Insert Component 7 | . . . . . 3 . . . . 1 . 2 . . . . . . 1 . . . . . . . . . . Analyze 4 | . . . . . . . . . . 1 . 2 . . . . . . 1 . . . . . . . . . . Retrieve Study 14 | . . . . . 1 . . . . 1 . 1 . . . . . . 2 . . . 1 6 2 . . . . Garrison Access Hacks 3 | . . . . . . . . . . . . 1 . . . . 1 . . . . . . 1 . . . . . Seal Access 3 | . . . . . . . . . . . . 1 . . . . 1 . . . . . . 1 . . . . . Unauthorized Hacks 52 | . . . . . . 2 1 11 . 5 . 8 . . . . 10 . 4 2 . 1 2 . 3 . . 3 . Terminals 27 | . . . . . . 1 1 6 . . . 3 . . . . 4 . 2 2 . 1 2 . 2 . . 3 . Track 4 | . . . . . . . . . . . . 1 . . . . 1 . . . . . . . 1 . . 1 . Assimilate 1 | . . . . . . 1 . . . . . . . . . . . . . . . . . . . . . . . Botnet 14 | . . . . . . . . 2 . . . 2 . . . . 2 . 1 2 . 1 1 . 1 . . 2 . Detonate 1 | . . . . . . . 1 . . . . . . . . . . . . . . . . . . . . . . Operators 1 | . . . . . . . . . . . . . . . . . . . . . . . 1 . . . . . . Skim 6 | . . . . . . . . 4 . . . . . . . . 1 . 1 . . . . . . . . . . Fabricators 10 | . . . . . . . . . . 2 . 3 . . . . 5 . . . . . . . . . . . . Prioritize 1 | . . . . . . . . . . 1 . . . . . . . . . . . . . . . . . . . Liberate 1 | . . . . . . . . . . . . . . . . . 1 . . . . . . . . . . . . Haulers 1 | . . . . . . . . . . . . 1 . . . . . . . . . . . . . . . . . Recompile 7 | . . . . . . . . . . 1 . 2 . . . . 4 . . . . . . . . . . . . Repair Stations . | . . . . . . . . . . . . . . . . . . . . . . . . . . . . . . Recycling Units 12 | . . . . . . 1 . 5 . 2 . 2 . . . . 1 . 1 . . . . . . . . . . Recyclers 3 | . . . . . . 1 . . . 1 . 1 . . . . . . . . . . . . . . . . . Mask 4 | . . . . . . . . . . 1 . 1 . . . . 1 . 1 . . . . . . . . . . Tunnel 5 | . . . . . . . . 5 . . . . . . . . . . . . . . . . . . . . . Scanalyzers 1 | . . . . . . . . . . . . . . . . . . . . . . . . . 1 . . . . Researchers 1 | . . . . . . . . . . . . . . . . . . . . . . . . . 1 . . . . Garrison Access 2 | . . . . . . . . . . 1 . . . . . . . . 1 . . . . . . . . . . Jam 2 | . . . . . . . . . . 1 . . . . . . . . 1 . . . . . . . . . . Data Cores Recovered 6 | . . . . . 1 1 . . . 1 . . . . . . . . . 1 . . . 1 . 1 . . . Used 3 | . . . . . . . . . . . . . . . . . . . . 1 . . . 1 . 1 . . . Hacking Detections 129 | . 1 1 . . 7 5 5 9 . 12 . 11 . . . . 22 . 10 11 . 3 10 5 9 3 1 4 . Full Trace Events 15 | . . . . . 1 1 1 . . 1 . 2 . . . . 1 . 3 2 . . 1 . . 1 1 . . Feedback Events . | . . . . . . . . . . . . . . . . . . . . . . . . . . . . . . Feedback Blocked . | . . . . . . . . . . . . . . . . . . . . . . . . . . . . . . Robot Schematics Acquired 2 | . . . . . . . . . . . . . . . . . . . . . . . . . . 2 . . . Robots Built . | . . . . . . . . . . . . . . . . . . . . . . . . . . . . . . Authchips . | . . . . . . . . . . . . . . . . . . . . . . . . . . . . . . Time . | . . . . . . . . . . . . . . . . . . . . . . . . . . . . . . Total Robot Build Rating . | . . . . . . . . . . . . . . . . . . . . . . . . . . . . . . Part Schematics Acquired 43 | . . 1 . . . 1 . . 1 7 5 8 1 2 . 7 5 . 1 . . . . . . 4 . . . Parts Built 7 | . . . . . . . . . . 1 . 2 . . . . 3 . 1 . . . . . . . . . . Authchips 7 | . . . . . . . . . . 1 . 2 . . . . 3 . 1 . . . . . . . . . . Time 720 | . . . . . . . . . . 76 . 152 . . . . 456 . 36 . . . . . . . . . . Total Part Build Rating 33 | . . . . . . . . . . 5 . 10 . . . . 15 . 3 . . . . . . . . . . Part Studies Acquired 14 | . . . . . 1 . . . . 1 . 1 . . . . . . 2 . . . 1 6 2 . . . . Parts Repaired 1 | . . . . . . . . . . . . . . . . . . . . . . . . . 1 . . . . Time 31 | . . . . . . . . . . . . . . . . . . . . . . . . . 31 . . . . Parts Recycled . | . . . . . . . . . . . . . . . . . . . . . . . . . . . . . . Recycled Matter . | . . . . . . . . . . . . . . . . . . . . . . . . . . . . . . Retrieved Matter . | . . . . . . . . . . . . . . . . . . . . . . . . . . . . . . Retrieved Components 7 | . 3 . . . . . . 1 . 3 . . . . . . . . . . . . . . . . . . . Parts Scanalyzed 5 | . . . . . 1 . . . . 1 . 2 . . . . . . 1 . . . . . . . . . . Part Schematics Acquired 3 | . . . . . . . . . . 1 . 1 . . . . . . 1 . . . . . . . . . . Parts Damaged 1 | . . . . . . . . . . . . . . . . . . . 1 . . . . . . . . . . Bothacking | -11 -10 -10 -10 -9 -8 -7 -7 -7 -7 -5 -5 -5 -5 -5 -5 -4 -4 -4 -4 -4 -4 -3 -3 -2 -2 -2 -1 -1 -1 ------------ Run | Yrd Mat Min Exi Min Mat Fac Sto Rec Scr Fac Was Fac Upp Upp War Pro Fac Was Fac Ext Cet Res Tes Res Qua Sec Acc Com Ac0 Used RIF Installer . | . . . . . . . . . . . . . . . . . . . . . . . . . . . . . . Robots Hacked 19 | . . . . . . 1 . . . 4 . 1 . . . 3 5 . 3 2 . . . . . . . . . Non-combat 14 | . . . . . . 1 . . . 4 . 1 . . . 1 4 . 3 . . . . . . . . . . Combat 5 | . . . . . . . . . . . . . . . . 2 1 . . 2 . . . . . . . . . Robot Hacks Applied 19 | . . . . . . 1 . . . 4 . 1 . . . 3 5 . 3 2 . . . . . . . . . parse_system 6 | . . . . . . . . . . . . . . . . 3 1 . . 2 . . . . . . . . . find_chute 4 | . . . . . . 1 . . . 2 . . . . . . 1 . . . . . . . . . . . . find_fabricator 7 | . . . . . . . . . . 2 . 1 . . . . 2 . 2 . . . . . . . . . . check_alert 2 | . . . . . . . . . . . . . . . . . 1 . 1 . . . . . . . . . . Relay Couplers Released 8 | . . . . . 2 . . . . 3 . 3 . . . . . . . . . . . . . . . . . Machine Destruction 5 | . . . . . 2 . . . . 3 . . . . . . . . . . . . . . . . . . . Programmers 3 | . . . . . . . . . . . . 3 . . . . . . . . . . . . . . . . . Fabnet Peak Effective % . | . . . . . . . . . . . . . . . . . . . . . . . . . . . . . . Robots Rewired 14 | . . . . . . . . . . 1 . . . . . 2 3 . . 7 . . 1 . . . . . . Allies Hacked 28 | . . . . . . . . . . . . 13 . . . 1 11 . 3 . . . . . . . . . . Hacks Repelled 3 | . . . . . . . . . . . . . . . . . 1 . 2 . . . . . . . . . . Allies | -11 -10 -10 -10 -9 -8 -7 -7 -7 -7 -5 -5 -5 -5 -5 -5 -4 -4 -4 -4 -4 -4 -3 -3 -2 -2 -2 -1 -1 -1 -------- Run | Yrd Mat Min Exi Min Mat Fac Sto Rec Scr Fac Was Fac Upp Upp War Pro Fac Was Fac Ext Cet Res Tes Res Qua Sec Acc Com Ac0 Total Allies 214 | . . . . . . . . . . 7 19 33 . . . 2 37 . 13 21 . . 1 . . . 22 59 . Largest Group 32 | . . . . . . . . . . 6 22 32 . . . 2 14 . 13 8 . . 1 . . . 7 20 . Highest-Rated Group 714 | . . . . . . . . . . 59 714 663 . . . 98 181 . 124 340 . . 159 . . . 102 497 . Highest-Rated Ally 234 | . . . . . . . . . . 49 50 50 . . . 49 49 . 10 159 . . 159 . . . 15 234 . Total Orders 49 | . . . . . . . 1 . . 16 . 4 2 . . 4 18 . 4 . . . . . . . . . . STAY 27 | . . . . . . . . . . 10 . 2 1 . . 1 10 . 3 . . . . . . . . . . FOLLOW 18 | . . . . . . . . . . 6 . 2 1 . . 1 7 . 1 . . . . . . . . . . GUARD 2 | . . . . . . . . . . . . . . . . 2 . . . . . . . . . . . . . AID 1 | . . . . . . . . . . . . . . . . . 1 . . . . . . . . . . . . EXPLORE 1 | . . . . . . . 1 . . . . . . . . . . . . . . . . . . . . . . Ally Attacks 2119 | . . . . . . . . . . 115 27 713 4 39 . 198 375 . 265 249 . . 3 . . . 53 78 . Total Damage 51000 | . . . . . . . . . . 2788 597 16286 265 582 . 5628 8519 . 7232 6754 . . 192 . . . 741 1416 . Kills 385 | . . . . . . . . . . 29 2 152 1 3 . 24 43 . 70 48 . . 1 . . . 8 4 . Allies Corrupted 24 | . . . . . . . . . . . . 10 . . 2 1 8 . . 1 . . 1 . . . . 1 . Allies Melted 2 | . . . . . . . . . . . . . . . . 1 1 . . . . . . . . . . . . Borg Created 32 | . . . . . . . . . . 8 1 2 1 . . 4 10 . . 6 . . . . . . . . . Largest Collective 6 | . . . . . . . . . . 5 6 4 5 . . 5 5 . . 5 . . . . . . . . . Intel | -11 -10 -10 -10 -9 -8 -7 -7 -7 -7 -5 -5 -5 -5 -5 -5 -4 -4 -4 -4 -4 -4 -3 -3 -2 -2 -2 -1 -1 -1 ------- Run | Yrd Mat Min Exi Min Mat Fac Sto Rec Scr Fac Was Fac Upp Upp War Pro Fac Was Fac Ext Cet Res Tes Res Qua Sec Acc Com Ac0 Active Infowar (turns) 16290 | . 397 179 . . 904 352 44 254 232 798 708 1231 397 157 46 470 3099 19 860 953 . 97 833 832 1746 1493 74 115 . Optics 6658 | . . . . . . . . . . 798 708 27 . . . . 1 . . . . 31 833 832 1746 1493 74 115 . Sensors 8162 | . . . . . . 330 44 254 232 . . 1206 397 157 46 274 2917 19 860 953 . . 473 . . . . . . Structural 671 | . . . . . . . . . . . . . . . . . . . . . . . 568 103 . . . . . Traps 372 | . . . . . . . . . . . . . . . . 196 176 . . . . . . . . . . . . Seismic 576 | . 397 179 . . . . . . . . . . . . . . . . . . . . . . . . . . . T.N.C. 1761 | . . . . . 904 22 . . . 117 . . . . . . 436 . . . . . . 282 . . . . . Machine Analysis 261 | . . . . . . . . . . . . . . . . . . . . . . . 261 . . . . . . Triangulation 178 | . . . . . . . . . . . . . . . . . . . . . . 93 85 . . . . . . ID Mask 413 | . . . . . . . . . . . . . . . . . . . . . . . . . . 413 . . . Robot Analysis Total . | . . . . . . . . . . . . . . . . . . . . . . . . . . . . . . Derelict Logs Recovered 4 | . . 1 . 2 . . . . . . . . . . . 1 . . . . . . . . . . . . . Drone Launches 20 | . . . . . . . 18 . . . . . . . . . . . . . . . . . . . 2 . . Drone Recoveries 4 | . . . . . . . 4 . . . . . . . . . . . . . . . . . . . . . . Exploration | -11 -10 -10 -10 -9 -8 -7 -7 -7 -7 -5 -5 -5 -5 -5 -5 -4 -4 -4 -4 -4 -4 -3 -3 -2 -2 -2 -1 -1 -1 ------------- Run | Yrd Mat Min Exi Min Mat Fac Sto Rec Scr Fac Was Fac Upp Upp War Pro Fac Was Fac Ext Cet Res Tes Res Qua Sec Acc Com Ac0 Turns Passed 28406 | 71 434 1212 633 656 1619 372 233 254 1392 1061 708 2252 397 157 46 1415 3398 19 860 975 27 232 833 832 1746 1773 141 4571 87 Spaces Moved 30488 | 54 266 504 399 367 941 689 339 647 1010 2021 579 3385 627 367 73 1376 6487 66 1522 1318 53 382 955 963 1283 1164 332 2192 127 Core 98 | 6 . . . . 7 . . . . . . . . . . . . . . 3 53 29 . . . . . . . Treads 260 | . . 1 . 47 211 . . . . . . . . . . . . . . . . . . . . 1 . . . Legs 4561 | . . . . . . . . . . . . . . . . . . . . . . . . . 754 1163 332 2185 127 Wheels 2569 | 48 266 503 399 320 704 19 . . . . . . . . . 195 76 . . . . . 39 . . . . . . Hover 2226 | . . . . . . . . . . . . . . . . . . . . . . . 734 963 529 . . . . Flight 20767 | . . . . . 19 670 339 647 1010 2021 579 3385 627 367 73 1181 6411 66 1522 1315 . 353 182 . . . . . . Fastest Speed 11 | 50 80 110 155 155 35 32 27 27 24 24 24 11 24 24 24 14 15 29 26 29 50 37 37 40 40 30 30 30 30 Average Speed 45 | 78 105 141 155 166 128 34 27 27 31 24 29 24 24 24 24 76 26 29 35 32 50 40 54 46 95 85 30 30 30 Slowest Speed 320 | 100 110 320 155 245 245 110 32 27 94 158 219 89 24 24 24 222 161 29 100 280 50 50 110 105 210 225 30 90 30 Overloaded Moves 185 | . . . . . . . . . 78 8 . 5 . . . 39 50 . 5 . . . . . . . . . . Propulsion Burnouts . | . . . . . . . . . . . . . . . . . . . . . . . . . . . . . . Robots Hopped 137 | . . . . . . 3 8 6 12 18 . 3 . . . 3 54 . 13 11 . 4 2 . . . . . . Potential Cave-ins 4 | . . . . . . . . . . . . . . . . . . . . . . . . . . 1 . 3 . Cave-ins Triggered . | . . . . . . . . . . . . . . . . . . . . . . . . . . . . . . Teleports 237 | . . . . . . . . . . . . . . . . . . . . . . . . . . 51 12 168 6 Spacefolds 3 | . . . . . . . . . . . . . . . . . . . . . . . . . . . . 3 . Exploration Rate (%) 53 | 3 45 92 69 93 66 16 87 90 56 27 93 37 66 30 13 91 60 64 39 74 22 12 91 23 82 80 13 52 8 Regions Visited 29 Branch Regions 17 Pre-discovered Areas 7 | . . 1 1 . . . . 5 . . . . . . . . . . . . . . . . . . . . . Known Exits Taken 14 | . . . . . 1 1 1 1 1 . . 1 . . . 1 . . 1 1 1 1 1 1 . 1 . . . Unknown Exits Taken 11 | 1 1 1 1 1 . . . . . . . . 1 1 1 . . . . . . . . . 1 . 1 1 . Scrap Searched 11 | . . 1 . . . . . . 6 . . . 1 1 . 2 . . . . . . . . . . . . . Spaces Dug 547 | . 3 13 . 30 6 1 20 3 1 9 3 . 1 . . 8 38 . 6 1 . 1 16 11 11 113 85 151 16 Terrain Destroyed 2183 | . 3 25 1 41 71 11 50 3 1 14 123 58 2 . . 21 116 . 123 44 . 1 17 24 25 321 107 805 176 Melee 67 | . . . . . . 1 . 1 1 9 . . 1 . . 1 16 . 6 1 . 1 12 9 7 1 . . . Projectile 1306 | . . 2 1 1 15 . 1 2 . . . . 1 . . . 37 . . . . . 5 15 14 171 60 805 176 AOE 806 | . 3 23 . 40 56 10 49 . . 5 123 58 . . . 20 63 . 117 43 . . . . . 149 47 . . Terrain Rammed . | . . . . . . . . . . . . . . . . . . . . . . . . . . . . . . Walls Destroyed . | . . . . . . . . . . . . . . . . . . . . . . . . . . . . . . Machines Disabled . | . . . . . . . . . . . . . . . . . . . . . . . . . . . . . . Actions | -11 -10 -10 -10 -9 -8 -7 -7 -7 -7 -5 -5 -5 -5 -5 -5 -4 -4 -4 -4 -4 -4 -3 -3 -2 -2 -2 -1 -1 -1 --------- Run | Yrd Mat Min Exi Min Mat Fac Sto Rec Scr Fac Was Fac Upp Upp War Pro Fac Was Fac Ext Cet Res Tes Res Qua Sec Acc Com Ac0 Total 43218 | 71 359 945 412 400 1179 811 440 692 2053 2508 1088 4770 872 434 100 1706 7949 65 1800 1840 52 438 1185 1215 1619 1713 368 5977 157 Wait 10015 | 1 41 390 . 18 31 47 51 29 1039 329 468 1256 226 67 28 220 1010 . 222 433 . 33 67 81 82 279 17 3546 4 Move 30201 | 53 265 503 398 366 940 682 324 634 989 1988 578 3378 626 366 72 1369 6385 65 1498 1297 52 373 950 962 1282 1163 330 2187 126 Hop 118 | . . . . . . 3 6 6 8 15 . 3 . . . 3 48 . 10 10 . 4 2 . . . . . . Pick Up 271 | 6 10 5 6 1 34 10 6 2 3 22 . 9 5 . . 5 47 . 4 4 . 2 3 16 20 29 1 19 2 Fast Attach 340 | 6 1 1 . . 14 7 6 . 1 34 7 12 2 1 . 25 56 . 4 14 . 11 42 24 35 19 3 14 1 Attach 190 | . 1 4 . 1 8 2 1 . 2 7 1 8 4 . . 9 51 . 8 7 . 4 3 15 13 23 1 16 1 Detach 115 | . . . . . 1 . 1 . . 7 1 4 2 . . 7 43 . 10 8 . 3 2 10 4 5 1 6 . Swap 130 | 1 3 6 . 5 22 3 2 1 . 4 3 13 . . . 4 11 . 2 . . . 6 11 8 13 1 11 . Drop 423 | . 4 2 4 1 28 11 3 1 2 39 6 19 4 . . 27 92 . 3 19 . 1 32 19 49 21 4 28 4 Fire 791 | 4 34 34 4 8 101 5 18 2 . 11 23 3 1 . . 8 72 . 20 2 . 2 24 42 82 130 9 133 19 Melee 374 | . . . . . . 4 7 17 9 42 . 16 1 . . 18 74 . 14 24 . 5 26 35 44 31 . 7 . Ram 1 | . . . . . . . . . . . . . . . . . . . . 1 . . . . . . . . . Kick . | . . . . . . . . . . . . . . . . . . . . . . . . . . . . . . Crush . | . . . . . . . . . . . . . . . . . . . . . . . . . . . . . . Escape Stasis 79 | . . . . . . 30 8 . . . . 10 . . . . 11 . . 15 . . . . . . 1 4 . Rewire 78 | . . . . . . . . . . 2 . 1 . . . 7 33 . 1 . . . 28 . . . . 6 . Trap 46 | . . . . . . 7 . . . . . 35 . . . . . . 4 . . . . . . . . . . Miscellaneous 46 | . . . . . . . 7 . . 8 1 3 1 . . 4 16 . . 6 . . . . . . . . . Route ------- -11/Scrapyard -10/Materials (discovered 2 exits: *Min / [*Sub]) -10/Mines (discovered 4 exits: [*Mat x2] / *Exi / [*Sub]) -10/Exiles (discovered 2 exits: [*Min x2]) -9/Mines (discovered 2 exits: *Mat x2) -8/Materials (discovered 2 exits: *Fac x2) -7/Factory (discovered 4 exits: *Fac / *Sto / *Low x2) -7/Storage (discovered 2 exits: *Fac / *Rec) -7/Recycling (discovered 2 exits: *Fac / *Scr) -7/Scraptown -5/Factory -5/Waste -5/Factory (discovered 2 exits: *Fac / *Upp) -5/Upper Caves -5/Upper Caves -5/Warlord -4/Proximity Caves -4/Factory (discovered 3 exits: *Res x2 / *Upp) -4/Waste -4/Factory -4/Extension (discovered 3 exits: *Res x2 / *Cet) -4/Cetus -3/Research (discovered 4 exits: *Res / Arm / *Tes x2) -3/Testing -2/Research (discovered 3 exits: *Acc / *Qua x2) -2/Quarantine (discovered 3 exits: *Acc / *Sec / [*Frg]) -2/Section 7 -1/Access -1/Command (discovered 3 exits: [*Sur x2] / [*Ac0]) -1/Access_0 Near Former Tau Ceti IV History --------- Turn | Location | Event 2 | -11/Scrapyard | Met Revision 17 13 | -11/Scrapyard | Discovered new exit (range 15) 72 | -11/Scrapyard | Entered Materials 316 | -10/Materials | Build established: Mutant 410 | -10/Materials | Discovered new exit (range 13) 464 | -10/Materials | Discovered new exit (range 8) 506 | -10/Materials | Entered Mines 515 | -10/Mines | Assembled infested the area 586 | -10/Mines | Learned location of Zion (-6) 595 | -10/Mines | Discovered new exit (range 6) 829 | -10/Mines | A weapon hastily lodged in a ceiling crevice suddenly fell to the ground 970 | -10/Mines | Core integrity fell below 50% 1044 | -10/Mines | Discovered new exit (range 8) 1052 | -10/Mines | Met a Derelict who couldn't figure out how to use a Trap Extractor 1560 | -10/Mines | Discovered new exit (range 10) 1712 | -10/Mines | Deemed a non-threat by the Exiles lab entrance 1712 | -10/Mines | Discovered new exit (range 5) 1718 | -10/Mines | Entered Exiles 1742 | -10/Exiles | Discovered new exit (range 15) 1760 | -10/Exiles | Met 8R-AWN 1832 | -10/Exiles | Met EX-HEX 1889 | -10/Exiles | Met EX-DEC 1952 | -10/Exiles | Met EX-BIN 2030 | -10/Exiles | Aligned with FarCom system 2031 | -10/Exiles | Given EX-Vault access code 2069 | -10/Exiles | Opened EX-Vault 2080 | -10/Exiles | Found Latent Energy Streamer 2088 | -10/Exiles | Found Firepult 2094 | -10/Exiles | Found Lightpack 2.0 2128 | -10/Exiles | Warned to stay clear of 0b10 Research branches 2261 | -10/Exiles | Discovered new exit (range 11) 2316 | -10/Exiles | Attacked by the Exiles 2351 | -10/Exiles | Stole three prototypes: Lightpack 2.0, Latent Energy Streamer, Firepult 2351 | -10/Exiles | Entered Mines 2369 | -9/Mines | Learned Materials terminal intel 2386 | -9/Mines | Received a Rocket Launcher from a helpful Derelict 2475 | -9/Mines | Discovered new exit (range 10) 2492 | -9/Mines | Learned Materials terminal intel 2837 | -9/Mines | Discovered new exit (range 6) 2887 | -9/Mines | Core integrity fell below 20% 3007 | -9/Mines | Entered Materials 3007 | -8/Materials | Evolved 4 slots: Propulsion x2, Utility x1, Weapon x1 3008 | -8/Materials | Loaded intel: 12 terminal locations 3025 | -8/Materials | Garrison activated, responded to threat 3443 | -8/Materials | Met 7R-MNS 3475 | -8/Materials | Attacked by 7R-MNS 3570 | -8/Materials | 7R-MNS lamented failing the tripod run 3570 | -8/Materials | Destroyed 7R-MNS 3580 | -8/Materials | Found Prototype Device 3594 | -8/Materials | Lost 11 parts (1p4n2u4w) 3776 | -8/Materials | Discovered new exit (range 14) 3916 | -8/Materials | Identified Exp. Focal Shield 4037 | -8/Materials | Build established: Scavenger-Skirmisher 4080 | -8/Materials | Destroyed 7 combat bots 4119 | -8/Materials | Core integrity fell below 50% 4217 | -8/Materials | Discovered new exit (range 11) 4564 | -8/Materials | Identified exit to Factory 4626 | -8/Materials | Entered Factory 4626 | -7/Factory | Evolved 2 slots: Utility x2 4666 | -7/Factory | Found Prototype Special Melee Weapon 4758 | -7/Factory | Identified exit to Storage 4758 | -7/Factory | Identified exit to Lower Caves 4873 | -7/Factory | Discovered new exit (range 7) 4943 | -7/Factory | Build established: Hauler-Sprinter 4964 | -7/Factory | Identified exit to Factory 4998 | -7/Factory | Entered Storage 5124 | -7/Storage | Discovered exit to Factory (range 16) 5132 | -7/Storage | Lost 13 allies 5229 | -7/Storage | Used back door to open Recycling access 5229 | -7/Storage | Discovered new exit (range 5) 5230 | -7/Storage | Identified exit to Recycling 5231 | -7/Storage | Entered Recycling 5232 | -7/Recycling | Met a Zionite searching for Scraptown 5232 | -7/Recycling | Joined Warlord attack on 0b10 via Recycling 5329 | -7/Recycling | Found Powered Armor 5379 | -7/Recycling | Discovered new exit (range 15) 5479 | -7/Recycling | Scanned before Scraplab entrance 5483 | -7/Recycling | Entered Scraplab 5485 | -7/Recycling | Discovered new exit (range 2) 5485 | -7/Recycling | Identified exit to Scraptown 5485 | -7/Recycling | Entered Scraptown 5515 | -7/Scraptown | Visited IN-MT5's Study 5522 | -7/Scraptown | Visited Comm Corps 5525 | -7/Scraptown | Visited Cyclists 5532 | -7/Scraptown | Visited Bundlers 5545 | -7/Scraptown | Visited Red Mages 5553 | -7/Scraptown | Visited Junk Repository 5562 | -7/Scraptown | Visited Shadow of the Wyrm 5568 | -7/Scraptown | Turned away by UFD registrar 5624 | -7/Scraptown | Discovered new exit (range 11) 6005 | -7/Scraptown | Build established: Hauler-Mutant 6828 | -7/Scraptown | Attacked by Scraptown defenders 6855 | -7/Scraptown | Core integrity fell below 50% 6855 | -7/Scraptown | Identified exit to Factory 6877 | -7/Scraptown | Entered Factory 6877 | -5/Factory | Evolved 4 slots: Power x1, Propulsion x1, Weapon x2 6944 | -5/Factory | Identified 1B-0RG's Assimilator 6945 | -5/Factory | Assimilating Sentinel 6a into Collective. 6971 | -5/Factory | Discovered new exit (range 9) 6977 | -5/Factory | Identified exit to Upper Caves 7051 | -5/Factory | Tech Extrapolator generated special schematic: Deep Structural Scanner 7096 | -5/Factory | Assimilating Soldier 6a into Collective. 7100 | -5/Factory | Assimilating Soldier 6b into Collective. 7103 | -5/Factory | Assimilating Soldier 6c into Collective. 7108 | -5/Factory | Assimilating Soldier 6d into Collective. 7299 | -5/Factory | Assimilating Slayer 6a into Collective. 7302 | -5/Factory | Assimilating Slayer 6b into Collective. 7369 | -5/Factory | Fabricated IN-MT5's Pitchfork "Insurrection"? 7434 | -5/Factory | Found Prototype Launcher 7434 | -5/Factory | Identified Smartbomb Launcher 7437 | -5/Factory | Found Smartbomb Launcher 7440 | -5/Factory | Found Smartbomb Launcher 7469 | -5/Factory | Build established: Scavenger-Sprinter 7611 | -5/Factory | Reprogrammed and armed K-01 Serf 7624 | -5/Factory | Reprogrammed and armed K-01 Serf 7666 | -5/Factory | Reprogrammed and armed K-01 Serf 7674 | -5/Factory | Reprogrammed and armed K-01 Serf 7674 | -5/Factory | Reprogrammed and armed K-01 Serf 7674 | -5/Factory | Reprogrammed and armed K-01 Serf 7687 | -5/Factory | Assimilating Serf 6a into Collective. 7777 | -5/Factory | First assault squad dispatched 7935 | -5/Factory | Spotted B-75 Beast 7938 | -5/Factory | Sucked down chute 7938 | -5/Factory | Entered Waste 7943 | -5/Waste | Spotted C-40 Crusher 7944 | -5/Waste | Spotted C-40 Crusher 7946 | -5/Waste | Spotted C-40 Crusher 7954 | -5/Waste | Destroyed C-40 Crusher 7984 | -5/Waste | Destroyed C-40 Crusher 7988 | -5/Waste | Destroyed C-40 Crusher 7990 | -5/Waste | Spotted C-40 Crusher 7997 | -5/Waste | Spotted C-40 Crusher 7999 | -5/Waste | Destroyed C-40 Crusher 8001 | -5/Waste | Spotted C-40 Crusher 8015 | -5/Waste | Allies destroyed C-40 Crusher 8021 | -5/Waste | Allies destroyed C-40 Crusher 8053 | -5/Waste | 4 allies followed down the chute 8078 | -5/Waste | 5 allies followed down the chute 8196 | -5/Waste | Found Prototype Processor 8196 | -5/Waste | Identified Exp. Armor Integrity Analyzer 8203 | -5/Waste | Warlord forces began an assault 8265 | -5/Waste | Discovered new exit (range 13) 8346 | -5/Waste | Assimilating JO-573(d) into Collective. 8646 | -5/Waste | Entered Factory 8646 | -5/Factory | Accompanied by 27 allies 8654 | -5/Factory | Reprogrammed and armed K-01 Serf 8688 | -5/Factory | Lost 5 allies 8917 | -5/Factory | Reprogrammed and armed K-01 Serf 8918 | -5/Factory | Reprogrammed and armed K-01 Serf 8949 | -5/Factory | Discovered new exit (range 16) 8957 | -5/Factory | Identified exit to Factory 9069 | -5/Factory | Discovered exit to Upper Caves (range 3) 9072 | -5/Factory | Fabricated IN-MT5's Pitchfork "Insurrection"? 9177 | -5/Factory | Reprogrammed and armed K-01 Serf 9195 | -5/Factory | Reprogrammed and armed K-01 Serf 9197 | -5/Factory | Reprogrammed and armed K-01 Serf 9199 | -5/Factory | Reprogrammed and armed K-01 Serf 9200 | -5/Factory | Reprogrammed and armed K-01 Serf 9204 | -5/Factory | Reprogrammed and armed K-01 Serf 9205 | -5/Factory | Reprogrammed and armed K-01 Serf 9246 | -5/Factory | First assault squad dispatched 9257 | -5/Factory | Lost 3 allies 9400 | -5/Factory | Reprogrammed and armed K-01 Serf 9404 | -5/Factory | Reprogrammed and armed K-01 Serf 9411 | -5/Factory | Reprogrammed and armed K-01 Serf 9439 | -5/Factory | Reprogrammed and armed K-01 Serf 9439 | -5/Factory | Reprogrammed and armed K-01 Serf 9449 | -5/Factory | Reprogrammed and armed K-01 Serf 9472 | -5/Factory | Reprogrammed and armed K-01 Serf 9475 | -5/Factory | Reprogrammed and armed K-01 Serf 9482 | -5/Factory | Reprogrammed and armed K-01 Serf 9490 | -5/Factory | Reprogrammed and armed K-01 Serf 9496 | -5/Factory | Reprogrammed and armed K-01 Serf 9497 | -5/Factory | Reprogrammed and armed K-01 Serf 9500 | -5/Factory | Reprogrammed and armed K-01 Serf 9511 | -5/Factory | Reprogrammed and armed K-01 Serf 9518 | -5/Factory | Reprogrammed and armed K-01 Serf 9525 | -5/Factory | Reprogrammed and armed K-01 Serf 9618 | -5/Factory | Reprogrammed and armed K-01 Serf 9639 | -5/Factory | Tech Extrapolator generated special schematic: Machine Rigger 9650 | -5/Factory | Fabricated IN-MT5's Pitchfork "Insurrection"? 9657 | -5/Factory | Reprogrammed and armed K-01 Serf 9687 | -5/Factory | Reprogrammed and armed K-01 Serf 9698 | -5/Factory | Reprogrammed and armed K-01 Serf 9814 | -5/Factory | Reprogrammed and armed K-01 Serf 9837 | -5/Factory | Reprogrammed and armed K-01 Serf 9841 | -5/Factory | Reprogrammed and armed K-01 Serf 10183 | -5/Factory | High security lockdown imminent 10263 | -5/Factory | High security lockdown engaged 10612 | -5/Factory | P-70 Sage assimilated allied CM-HSY(m) 10625 | -5/Factory | Lost 6 allies 10667 | -5/Factory | Lost 3 allies 10789 | -5/Factory | Sterilization system engaged 10789 | -5/Factory | Non-combat units ordered to evacuate 10802 | -5/Factory | Lost 9 allies 10862 | -5/Factory | Assimilating Archangel 6a into Collective. 10863 | -5/Factory | Assimilating Soldier 6e into Collective. 10888 | -5/Factory | Lost 12 allies 10889 | -5/Factory | Combat units ordered to evacuate 10898 | -5/Factory | Entered Upper Caves 10898 | -5/Upper Caves | Accompanied by 4 allies 10900 | -5/Upper Caves | Encountered a Master Thief 10900 | -5/Upper Caves | Encountered a Master Thief 10901 | -5/Upper Caves | Latent Energy Streamer stolen by Master Thief 10901 | -5/Upper Caves | Firepult stolen by Master Thief 10901 | -5/Upper Caves | Assimilating 8L-PT7(f) into Collective. 11234 | -5/Upper Caves | Encountered a Warlord checkpoint 11245 | -5/Upper Caves | Discovered new exit (range 8) 11295 | -5/Upper Caves | Entered another Upper Caves area 11295 | -5/Upper Caves | Accompanied by 5 allies 11376 | -5/Upper Caves | Encountered a Master Thief 11376 | -5/Upper Caves | Encountered a Master Thief 11376 | -5/Upper Caves | Encountered a Master Thief 11384 | -5/Upper Caves | Discovered new exit (range 29) 11447 | -5/Upper Caves | Tech Extrapolator generated special schematic: Energy Deflector 11452 | -5/Upper Caves | Entered Warlord 11452 | -5/Warlord | Accompanied by 5 allies 11460 | -5/Warlord | System corruption cleaned by Quarantine Array 11467 | -5/Warlord | Discovered new exit (range 9) 11498 | -5/Warlord | Entered Proximity Caves 11498 | -4/Proximity Caves | Accompanied by 3 allies 11518 | -4/Proximity Caves | Assimilating Enforcer 7a into Collective. 11565 | -4/Proximity Caves | Attached CPS modules to Borg 8L-PT7(f). 11608 | -4/Proximity Caves | Tech Extrapolator generated special schematic: Electrostorm Shotgun 11754 | -4/Proximity Caves | Attracted the attention of an 0b10 outpost 11766 | -4/Proximity Caves | Unaware initiated a cargo recovery operation 11776 | -4/Proximity Caves | Assimilating Sage 7a into Collective. 11781 | -4/Proximity Caves | Assimilating Enforcer 7b into Collective. 11791 | -4/Proximity Caves | Spotted Striker 11817 | -4/Proximity Caves | Assimilating Striker into Collective. 11823 | -4/Proximity Caves | Lost 5 parts (1n2u2w) 11920 | -4/Proximity Caves | Discovered exit to Factory (range 17) 12078 | -4/Proximity Caves | Build established: Mutant 12888 | -4/Proximity Caves | Build established: Scavenger-Mutant 12913 | -4/Proximity Caves | Entered Factory 12913 | -4/Factory | Accompanied by 5 allies 12913 | -4/Factory | Evolved 2 slots: Propulsion x1, Utility x1 13015 | -4/Factory | Reprogrammed and armed K-01 Serf 13065 | -4/Factory | Reprogrammed and armed K-01 Serf 13109 | -4/Factory | Discovered new exit (range 16) 13119 | -4/Factory | Identified exit to Upper Caves 13174 | -4/Factory | Reprogrammed and armed K-01 Serf 13221 | -4/Factory | Reprogrammed and armed K-01 Serf 13224 | -4/Factory | Reprogrammed and armed K-01 Serf 13305 | -4/Factory | Reprogrammed and armed K-01 Serf 13308 | -4/Factory | Reprogrammed and armed K-01 Serf 13319 | -4/Factory | Build established: Sprinter 13320 | -4/Factory | Reprogrammed and armed K-01 Serf 13323 | -4/Factory | Reprogrammed and armed K-01 Serf 13327 | -4/Factory | Reprogrammed and armed K-01 Serf 13341 | -4/Factory | Reprogrammed and armed K-01 Serf 13342 | -4/Factory | Reprogrammed and armed K-01 Serf 13428 | -4/Factory | Reprogrammed and armed K-01 Serf 13430 | -4/Factory | Lost 3 allies 13492 | -4/Factory | Reprogrammed and armed K-01 Serf 13494 | -4/Factory | Reprogrammed and armed K-01 Serf 13529 | -4/Factory | Reprogrammed and armed K-01 Serf 13702 | -4/Factory | Reprogrammed and armed K-01 Serf 13705 | -4/Factory | Reprogrammed and armed K-01 Serf 13741 | -4/Factory | Build established: Scavenger-Sprinter 13833 | -4/Factory | Reprogrammed and armed K-01 Serf 13846 | -4/Factory | Reprogrammed and armed K-01 Serf 13878 | -4/Factory | Spotted B-86 Titan 13900 | -4/Factory | Lost 7 allies 13903 | -4/Factory | Allies destroyed B-86 Titan 13964 | -4/Factory | Assimilating Machinist 7a into Collective. 14058 | -4/Factory | Lost 3 allies 14082 | -4/Factory | Assimilating Sentinel 7c into Collective. 14157 | -4/Factory | Assimilating Sage 7b into Collective. 14268 | -4/Factory | Watched by a mysterious "MATRIX" hacker. 14420 | -4/Factory | Fabricated IN-MT5's Pitchfork "Insurrection"? 14532 | -4/Factory | Assimilating Sage 7c into Collective. 14536 | -4/Factory | Assimilating Sage 7d into Collective. 14687 | -4/Factory | Build established: Scavenger-Scout 14755 | -4/Factory | Assembled infested ambush trap array 14926 | -4/Factory | Discovered new exit (range 10) 14928 | -4/Factory | Identified exit to Research 14999 | -4/Factory | Reprogrammed and armed K-01 Serf 15015 | -4/Factory | Reprogrammed and armed K-01 Serf 15249 | -4/Factory | Assimilating Assassin 7a into Collective. 15251 | -4/Factory | Assimilating Assassin 7b into Collective. 15254 | -4/Factory | Assimilating Assassin 7c into Collective. 15300 | -4/Factory | Lost 4 allies 15319 | -4/Factory | Build established: Hacker-Sprinter 15350 | -4/Factory | Discovered exit to Research (range 15) 15384 | -4/Factory | Assimilating Sage 7e into Collective. 15395 | -4/Factory | Assimilating Sage 7f into Collective. 15413 | -4/Factory | First assault squad dispatched 15475 | -4/Factory | Fabricated IN-MT5's Pitchfork "Insurrection"? 15592 | -4/Factory | Found Prototype Launcher 15592 | -4/Factory | Identified Mni. Smartbomb Launcher 15646 | -4/Factory | Fabricated IN-MT5's Pitchfork "Insurrection"? 15655 | -4/Factory | Cargo convoy interrupted 15655 | -4/Factory | Spotted Executioner 15673 | -4/Factory | Reprogrammed and armed K-01 Serf 15676 | -4/Factory | Reprogrammed and armed K-01 Serf 15732 | -4/Factory | Reprogrammed and armed K-01 Serf 15748 | -4/Factory | Found Prototype Processor 15858 | -4/Factory | Identified Spectral Analyzer 15903 | -4/Factory | Unchained authorized (BL-1NK) 15948 | -4/Factory | Reprogrammed and armed K-01 Serf 15951 | -4/Factory | Reprogrammed and armed K-01 Serf 15962 | -4/Factory | Reprogrammed and armed K-01 Serf 16054 | -4/Factory | Reprogrammed and armed K-01 Serf 16054 | -4/Factory | Reprogrammed and armed K-01 Serf 16059 | -4/Factory | Reprogrammed and armed K-01 Serf 16077 | -4/Factory | Allies destroyed BL-1NK 16087 | -4/Factory | Found Prototype Protection 16087 | -4/Factory | Identified Lgt. Regenerative Plating 16311 | -4/Factory | Sucked down chute 16311 | -4/Factory | Entered Waste 16322 | -4/Waste | Spotted C-40 Crusher 16322 | -4/Waste | Spotted C-40 Crusher 16326 | -4/Waste | EMP discharged 16326 | -4/Waste | Spotted C-40 Crusher 16327 | -4/Waste | Spotted C-40 Crusher 16327 | -4/Waste | Discovered new exit (range 10) 16330 | -4/Waste | Identified exit to Factory 16330 | -4/Waste | Entered Factory 16353 | -4/Factory | Build established: Sprinter 16475 | -4/Factory | 10 allies followed down the chute 16540 | -4/Factory | 10 allies followed down the chute 16580 | -4/Factory | First assault squad dispatched 16607 | -4/Factory | Reprogrammed and armed K-01 Serf 16782 | -4/Factory | Reprogrammed and armed K-01 Serf 16795 | -4/Factory | Reprogrammed and armed K-01 Serf 16802 | -4/Factory | Reprogrammed and armed K-01 Serf 16812 | -4/Factory | Reprogrammed and armed K-01 Serf 16816 | -4/Factory | P-70 Sage assimilated allied K-01 Serf 16821 | -4/Factory | Garrison activated, responded to threat 16842 | -4/Factory | Reprogrammed and armed K-01 Serf 16874 | -4/Factory | Reprogrammed and armed K-01 Serf 16992 | -4/Factory | Reprogrammed and armed K-01 Serf 17002 | -4/Factory | Fabricated CPS Tube? 17068 | -4/Factory | High security lockdown imminent 17071 | -4/Factory | Reprogrammed and armed K-01 Serf 17115 | -4/Factory | Destroyed 9 combat bots 17116 | -4/Factory | Reprogrammed and armed K-01 Serf 17118 | -4/Factory | Reprogrammed and armed K-01 Serf 17122 | -4/Factory | Discovered new exit (range 11) 17123 | -4/Factory | Reprogrammed and armed K-01 Serf 17125 | -4/Factory | Identified exit to Extension 17136 | -4/Factory | Reprogrammed and armed K-01 Serf 17148 | -4/Factory | High security lockdown engaged 17169 | -4/Factory | P-70 Sage assimilated allied K-01 Serf 17190 | -4/Factory | Entered Extension 17200 | -4/Extension | Reprogrammed and armed K-01 Serf 17208 | -4/Extension | Reprogrammed and armed K-01 Serf 17211 | -4/Extension | Reprogrammed and armed K-01 Serf 17217 | -4/Extension | Lost 9 allies 17297 | -4/Extension | Assimilating Serf 7a into Collective. 17298 | -4/Extension | Assimilating Serf 7b into Collective. 17305 | -4/Extension | Assimilating Serf 7c into Collective. 17317 | -4/Extension | Reprogrammed and armed K-01 Serf 17317 | -4/Extension | Reprogrammed and armed K-01 Serf 17350 | -4/Extension | Assimilating Serf 7d into Collective. 17353 | -4/Extension | Assimilating Serf 7e into Collective. 17375 | -4/Extension | Reprogrammed and armed K-01 Serf 17375 | -4/Extension | Reprogrammed and armed K-01 Serf 17415 | -4/Extension | Reprogrammed and armed K-01 Serf 17433 | -4/Extension | Spotted B-86 Titan 17440 | -4/Extension | First assault squad dispatched 17442 | -4/Extension | Allies destroyed B-86 Titan 17444 | -4/Extension | Spotted B-86 Titan 17463 | -4/Extension | Allies destroyed B-86 Titan 17495 | -4/Extension | Build established: Mutant 17644 | -4/Extension | Rescued a captive Derelict 17679 | -4/Extension | Rescued a captive Derelict 17680 | -4/Extension | Rescued a captive Derelict 17857 | -4/Extension | Lost 5 allies 17935 | -4/Extension | Reprogrammed and armed K-01 Serf 17938 | -4/Extension | Lost 4 allies 17940 | -4/Extension | Discovered exit to Research (range 3) 17956 | -4/Extension | Assimilating Serf 7f into Collective. 17964 | -4/Extension | Reprogrammed and armed K-01 Serf 17969 | -4/Extension | Reprogrammed and armed K-01 Serf 17981 | -4/Extension | Rescued a captive Derelict 17984 | -4/Extension | Rescued a captive Derelict 17995 | -4/Extension | Rescued a captive Derelict 17996 | -4/Extension | Rescued a captive Derelict 18061 | -4/Extension | High security lockdown imminent 18115 | -4/Extension | Rescued A7 18129 | -4/Extension | Discovered exit to Research (range 10) 18129 | -4/Extension | Discovered new exit (range 6) 18131 | -4/Extension | Identified exit to Cetus 18141 | -4/Extension | High security lockdown engaged 18151 | -4/Extension | Core integrity fell below 50% 18156 | -4/Extension | Extracted ID and sensor layout for unrecognized location from A7's data core 18165 | -4/Extension | Entered Cetus 18166 | -4/Cetus | Core integrity fell below 20% 18172 | -4/Cetus | Spotted Cetus Guard 18172 | -4/Cetus | Spotted Cetus Guard 18173 | -4/Cetus | Spotted Cetus Guard 18184 | -4/Cetus | Discovered exit to Research (range 16) 18192 | -4/Cetus | Entered Research 18192 | -3/Research | Evolved 2 slots: Utility x2 18193 | -3/Research | Identified exit to Testing 18193 | -3/Research | Lost 3 allies 18195 | -3/Research | Lost 9 parts (2p4n3u) 18245 | -3/Research | Discovered new exit (range 7) 18248 | -3/Research | Identified exit to Research 18298 | -3/Research | Spotted B-86 Titan 18348 | -3/Research | Identified exit to Armory 18393 | -3/Research | Found Spectral Analyzer 18424 | -3/Research | Entered Testing 18426 | -3/Testing | Found Prototype Device 18426 | -3/Testing | Identified Exp. Thermal Shield 18632 | -3/Testing | Lost 3 parts (1n1u1w) 18674 | -3/Testing | First assault squad dispatched 18720 | -3/Testing | Found Prototype Device 18720 | -3/Testing | Identified Exp. Focal Shield 18739 | -3/Testing | Spotted Striker 18739 | -3/Testing | Spotted Striker 18765 | -3/Testing | Found Prototype Energy Gun 18765 | -3/Testing | Identified Hyp. EM Gauss Rifle 18820 | -3/Testing | Central database locked down 18912 | -3/Testing | Found Prototype Device 18912 | -3/Testing | Identified Exp. EM Disruption Field 19068 | -3/Testing | Discovered exit to Research (range 22) 19089 | -3/Testing | Found Prototype Energy Cannon 19102 | -3/Testing | Found Prototype Hackware 19102 | -3/Testing | Identified Ghost Barrier 19131 | -3/Testing | Identified Null Cannon 19135 | -3/Testing | Found Prototype Ballistic Gun 19135 | -3/Testing | Identified Hyp. Multirail 19174 | -3/Testing | Rewired PX-NH0C3ZTEFD 19257 | -3/Testing | Entered Research 19257 | -2/Research | Evolved 2 slots: Propulsion x1, Utility x1 19468 | -2/Research | Lost 5 parts (1p2n2w) 19499 | -2/Research | Spotted B-90 Cyclops 19582 | -2/Research | Destroyed 9 combat bots 19593 | -2/Research | Discovered new exit (range 11) 19604 | -2/Research | Identified exit to Access 19834 | -2/Research | Lost 5 parts (1n1u3w) 19961 | -2/Research | Identified exit to Quarantine 20089 | -2/Research | Build established: Hacker-Mutant 20089 | -2/Research | Entered Quarantine 20128 | -2/Quarantine | Repaired Broken Antigrav Array+ 20137 | -2/Quarantine | Central database locked down 20153 | -2/Quarantine | Found Alien Artifact 20170 | -2/Quarantine | Spotted Alpha 7 20190 | -2/Quarantine | Found Alien Launcher 20202 | -2/Quarantine | Found Alien Slashing Weapon 20202 | -2/Quarantine | Identified Sigix Broadsword 20249 | -2/Quarantine | Found Alien Artifact 20262 | -2/Quarantine | Found Alien Energy Cannon 20393 | -2/Quarantine | Lost 6 parts (3n1u2w) 20437 | -2/Quarantine | Cryocooling Duct disabled 20452 | -2/Quarantine | Ambient heat levels rising (+20) 20452 | -2/Quarantine | Non-combat units ordered to evacuate 20532 | -2/Quarantine | Discovered exit to Access (range 16) 20571 | -2/Quarantine | Found Alien Reactor 20790 | -2/Quarantine | Found Alien Artifact 20928 | -2/Quarantine | Build established: Hacker-Gunner 21026 | -2/Quarantine | Declared boring by mysterious "MATRIX" hacker. 21109 | -2/Quarantine | Found Alien Artifact 21165 | -2/Quarantine | Unchained authorized (1B-0RG) 21271 | -2/Quarantine | Identified Phase Armor 21465 | -2/Quarantine | Identified Core Cannon 21531 | -2/Quarantine | Destroyed 1B-0RG 21537 | -2/Quarantine | Found ID Mask 21577 | -2/Quarantine | Build established: Scavenger-Tank 21700 | -2/Quarantine | Spotted Fortress 21714 | -2/Quarantine | Destroyed Fortress 21730 | -2/Quarantine | Found Prototype Reactor 21730 | -2/Quarantine | Identified Vortex Chain Reactor 21734 | -2/Quarantine | Found Prototype Protection 21734 | -2/Quarantine | Identified Centrium Heavy Armor Plating 21827 | -2/Quarantine | Discovered new exit (range 6) 21827 | -2/Quarantine | Discovered new exit (range 7) 21835 | -2/Quarantine | Entered Section 7 21894 | -2/Section 7 | Spotted S7 Guard 21937 | -2/Section 7 | Destroyed S7 Guard 22051 | -2/Section 7 | Found Alien Artifact 22051 | -2/Section 7 | Identified Navigation Efficiency Matrix 22051 | -2/Section 7 | Installed Navigation Efficiency Matrix, process failed with unexpected side effects 22354 | -2/Section 7 | Spotted S7 Guard 22357 | -2/Section 7 | Identified Core Reset Matrix 22357 | -2/Section 7 | Identified Matter Drive 22357 | -2/Section 7 | Identified Terrabomb 22357 | -2/Section 7 | Identified Subatomic Replicator 22357 | -2/Section 7 | Identified Sigix Terminator 22357 | -2/Section 7 | Used Core Reset Matrix 22361 | -2/Section 7 | Detected hypermatrix surge 22361 | -2/Section 7 | Sensed 23 artifacts in vicinity 22462 | -2/Section 7 | Found Integrated Reactor 22467 | -2/Section 7 | Installed Integrated Reactor, increased core energy generation (+10) 22471 | -2/Section 7 | ID Mask engaged 22760 | -2/Section 7 | Spotted Alpha 7 22760 | -2/Section 7 | Spotted Alpha 7 22865 | -2/Section 7 | Spotted B-99 Colossus 22884 | -2/Section 7 | ID Mask no longer valid 22937 | -2/Section 7 | Spotted Executioner 22937 | -2/Section 7 | Spotted Executioner 22946 | -2/Section 7 | Destroyed Executioner 22955 | -2/Section 7 | Destroyed Executioner 22992 | -2/Section 7 | Spotted Striker 22992 | -2/Section 7 | Spotted Striker 23002 | -2/Section 7 | Scanned by Researcher 23013 | -2/Section 7 | Destroyed Striker 23014 | -2/Section 7 | Destroyed Striker 23056 | -2/Section 7 | Spotted Striker 23056 | -2/Section 7 | Spotted Striker 23082 | -2/Section 7 | Destroyed Striker 23126 | -2/Section 7 | Destroyed Striker 23136 | -2/Section 7 | Intercept squad dispatched 23159 | -2/Section 7 | Found Sigix Shearcannon 23163 | -2/Section 7 | Spotted Tracker 23167 | -2/Section 7 | Destroyed Tracker 23180 | -2/Section 7 | Found Sigix Sheargun 23230 | -2/Section 7 | Spotted Tracker 23233 | -2/Section 7 | Destroyed Tracker 23268 | -2/Section 7 | Core integrity fell below 50% 23274 | -2/Section 7 | System corruption reached 10% 23291 | -2/Section 7 | Fired Sigix Terminator 23307 | -2/Section 7 | Lost 3 parts (1n1u1w) 23328 | -2/Section 7 | Integrated with Sigix Exoskeleton 23335 | -2/Section 7 | First assault squad dispatched 23400 | -2/Section 7 | Found LRC Insulator 23402 | -2/Section 7 | Found LRC Inertial Stabilizer 23403 | -2/Section 7 | Installed LRC Inertial Stabilizer, increased mass support (+10) 23407 | -2/Section 7 | Used Subatomic Replicator to replicate LRC Insulator 23409 | -2/Section 7 | Installed LRC Insulator, 1 resistance modified: EM +25% 23411 | -2/Section 7 | Installed LRC Insulator, 1 resistance modified: EM +25% 23447 | -2/Section 7 | Found Integrity Redistributor 23449 | -2/Section 7 | Found Integrity Redistributor 23450 | -2/Section 7 | Found Integrity Redistributor 23532 | -2/Section 7 | Found Integrated Mediator 23537 | -2/Section 7 | Found Spacefold Activator 23543 | -2/Section 7 | Destroyed 11 combat bots 23546 | -2/Section 7 | Discovered exit to Access (range 16) 23575 | -2/Section 7 | Spotted B-90 Cyclops 23595 | -2/Section 7 | Spotted S7 Guard 23598 | -2/Section 7 | Found Core Membrane 23599 | -2/Section 7 | Installed Core Membrane, gained immunity to corruption 23601 | -2/Section 7 | Installed Integrated Mediator, increased core attachment efficiency 23608 | -2/Section 7 | Entered Access 23608 | -1/Access | Evolved 2 slots: Utility x2 23609 | -1/Access | Sigix Exoskeleton integrity reduced to 80% 23613 | -1/Access | Emitted hypermatrix ping 23618 | -1/Access | Assembled emerged from beneath the floor 23631 | -1/Access | Build established: Alien-Sigix 23676 | -1/Access | Assembled emerged from beneath the floor 23688 | -1/Access | Assembled emerged from beneath the floor 23714 | -1/Access | Lost 3 allies 23738 | -1/Access | Discovered new exit (range 15) 23749 | -1/Access | Entered Command 23754 | -1/Command | Emitted hypermatrix ping 23759 | -1/Command | Assembled emerged from beneath the floor 23760 | -1/Command | Assembled emerged from beneath the floor 23792 | -1/Command | Assembled emerged from beneath the floor 23806 | -1/Command | Disengaged cave seal 23883 | -1/Command | Lost 8 allies 23889 | -1/Command | Destroyed 8 combat bots 23943 | -1/Command | Spotted M Guard 23943 | -1/Command | Spotted M Guard 23948 | -1/Command | Spotted Combat Programmer 23949 | -1/Command | Spotted Combat Programmer 23958 | -1/Command | Destroyed Combat Programmer 23966 | -1/Command | Destroyed Combat Programmer 23979 | -1/Command | Found Prototype Reactor 23985 | -1/Command | Destroyed M Guard 23988 | -1/Command | Destroyed M Guard 23988 | -1/Command | All MAIN.C guards destroyed 23999 | -1/Command | First assault squad dispatched 24021 | -1/Command | Met MAIN.C 24021 | -1/Command | 0b10 Conduit disabled 24034 | -1/Command | MAIN.C's shell transforms into a squad of autonomous robots 24034 | -1/Command | Destroyed MAIN.C Shell 24034 | -1/Command | Spotted M Shell/Def 24034 | -1/Command | Spotted M Shell/Atk 24034 | -1/Command | Spotted M Shell/Def 24034 | -1/Command | Spotted M Shell/Atk 24034 | -1/Command | Spotted M Shell/Atk 24034 | -1/Command | Spotted M Shell/Def 24034 | -1/Command | Spotted M Shell/Atk 24034 | -1/Command | Spotted M Shell/Def 24035 | -1/Command | MAIN.C activated Command garrisons 24045 | -1/Command | Sigix Exoskeleton integrity reduced to 60% 24048 | -1/Command | Identified Zero-point Reactor 24058 | -1/Command | Discovered new exit (range 17) 24117 | -1/Command | Destroyed MAIN.C 24119 | -1/Command | Discovered new exit (range 40) 24119 | -1/Command | Discovered new exit (range 179) 24119 | -1/Command | Extracted map data and part IDs from MAIN.C's data core 24120 | -1/Command | Found Exp. Targeting Computer 24127 | -1/Command | Found Zero-point Reactor 24137 | -1/Command | Spotted B-99 Colossus 24155 | -1/Command | Destroyed B-99 Colossus 24156 | -1/Command | Core integrity fell below 50% 24160 | -1/Command | Sigix Exoskeleton integrity reduced to 40% 24202 | -1/Command | Destroyed M Shell/Atk 24220 | -1/Command | Destroyed M Shell/Def 24224 | -1/Command | Destroyed M Shell/Def 24293 | -1/Command | Destroyed 11 combat bots 24419 | -1/Command | Used Terrabomb 25565 | -1/Command | Discovered new exit (range 18) 26113 | -1/Command | Assembled emerged from beneath the floor 26143 | -1/Command | Found Exp. Core Analyzer 26150 | -1/Command | Found Exp. Targeting Computer 26163 | -1/Command | Found Exp. Core Analyzer 26165 | -1/Command | Found Exp. Core Analyzer 28320 | -1/Command | Entered Access_0 28321 | -1/Access_0 | Sensed 1 artifact in vicinity 28321 | -1/Access_0 | Met Architect 28329 | -1/Access_0 | Destroyed A8 28330 | -1/Access_0 | Architect warped through subspace 28344 | -1/Access_0 | Subspace Access Node disabled 28398 | -1/Access_0 | Destroyed Architect 28399 | -1/Access_0 | Architect triggered a singularity event 28400 | -1/Access_0 | Extracted unknown sensor trigger ID from Architect's data core 28402 | -1/Access_0 | Found Hpw. Transdimensional Reconstructor 28402 | -1/Access_0 | Warped through subspace to slip node 28402 | -1/Access_0 | Discovered new exit (range 8) 28403 | -1/Access_0 | Core integrity fell below 20% 28407 | *** | Escaped singularity! Last Messages --------------- 28398_ Extracted 107 energy. 28398_ Beam penetrates Architect. 28398_ Architect: "If I can't win, no one wins!" 28398_ Architect destroyed. 28399_ A0_COM: Initiating irreversible singularity event. Goodbye. 28399_ Extracted 235 energy. 28400_ A0_COM: 10. 28400_ Acquired data core, extracted unknown sensor trigger ID. 28401_ A0_COM: 9. 28401_ Dropped Adv. Phase Shifter. 28402_ A0_COM: 8. 28402_ Acquired Hpw. Transdimensional Reconstructor. 28402_ Warped through subspace, drawn to slip node. 28402_ EXIT=FOUND 28403_ A0_COM: 7. 28404_ A0_COM: 6. 28404_ Navigation matrix triggers involuntary quantum shift. 28405_ A0_COM: 5. 28406_ A0_COM: 4. 28407_ A0_COM: 3. Map ----- +----------------------------------------------------+ | | | | | | | | | | | | | | | | | | | | | | | | | | | | | | | | | ???????????#############################?????????? | | ???????????#############################?????????? | | ??????????###############################????????? | | ?????????#################################???????? | | ?????????#################################???????? | | ?????????#################################???????? | | ????????###################################??????? | | ????????################# #################??????? | | ????????################ ################??????? | | ????????################ X ################??????? | | ????????################ ################??????? | | ???????################ #################?????? | | ???????################ #################??????? | | ???????################# ################??????? | | ???????################ #################?????? | | ???????################ ##################?????? | | ??????################# < ################??????? | | ???????################ ##################?????? | | ???????################# #################??????? | | ???????####################################??????? | | ???????####################################??????? | | ???????####################################??????? | | ????????###################################??????? | | ????????##################################???????? | | ????????##################################???????? | | ?????????#################################???????? | | ??????????###############################????????? | | ??????????##############################?????????? | | ???????????#############################?????????? | | ????????????###########################??????????? | | ?????????????#########################???????????? | | ??????????????#######################????????????? | | ????????????????###################??????????????? | | ?????????????????#################???????????????? | +----------------------------------------------------+ Best States ------------- Heat Dissipation 122 Coolant Potential 120 Energy Generation 85 Energy Capacity 1050 Matter Stores 600 Matter Capacity 600 Sight Range 24 Robot Scan Range 16 Terrain Scan Density 210 Additional Mass Support 25 EM Shielding 4 Corruption Containment 12 Corruption Block 15 Armor Coverage 600 Resistance: KI 50 Resistance: TH 50 Resistance: EX 50 Resistance: EM 100 Resistance: I 50 Resistance: S 50 Resistance: P 50 Utility Shielding 66 Weapon Cycling 25 Phase Shifting 15 Evasion (%) 99 Targeting Accuracy 20 Melee Accuracy 20 Target Analysis 8 Core Analysis 8 Armor Integrity Analysis 50 Recoil Reduction 4 Offensive Hacking 46 Defensive Hacking 20 Authchip Count 2 Trap Extractor Capacity 8 Item Schematics ----------------- None Robot Schematics ------------------ None Fabricated ------------ IN-MT5's Pitchfork "Insurrection" | x1 | -5/Factory | Authchip IN-MT5's Pitchfork "Insurrection" | x1 | -5/Factory | Authchip IN-MT5's Pitchfork "Insurrection" | x1 | -5/Factory | Authchip IN-MT5's Pitchfork "Insurrection" | x1 | -4/Factory | Authchip IN-MT5's Pitchfork "Insurrection" | x1 | -4/Factory | Authchip IN-MT5's Pitchfork "Insurrection" | x1 | -4/Factory | Authchip CPS Tube | x1 | -4/Factory | Authchip Repaired ---------- Antigrav Array | 40% | -2/Quarantine | Broken Studied --------- None Alien Tech Used ----------------- Sigix Broadsword Phase Armor Core Cannon Navigation Efficiency Matrix Core Reset Matrix Integrated Reactor Matter Drive Sigix Sheargun Sigix Terminator Sigix Exoskeleton Sigix Shearcannon LRC Inertial Stabilizer Subatomic Replicator LRC Insulator Core Membrane Integrated Mediator Spacefold Activator Terrabomb High-powered Transdimensional Reconstructor Achievements -------------- Alien Attack Yes I Work Here Challenges ------------ None Game ------ Seed DamperIonMultirail Manual? 0 Play Time 09:02:34 Cumulative 1285.8 hours Start 2026.01.24 @ 21:02:24 End 2026.01.26 @ 06:35:14 Sessions 12 Manual Loads 0 Difficulty Rogue Special Mode None Game No. 438 Rogue 433 Adventurer 4 Explorer 1 Win Type 6 Total 29 Types 15/5/1/2/0/1/2/0/2/1 Lore% 97 Gallery% 96 Achievement% 84 Wizard Run 0 Options --------- Layout 0 ASCII 0 Keyboard 0 Movement Numpad Keybinds 0 Fullscreen 2 Font 18/SmallcapsGlow Map View 76x50 Zoom Use 0% Tactical HUD 1 Map Filters NONE Filters NONE Steam 1 RUN: 891b8109-58ae-4db9-ae0a-394cfed9aade